 Dungeon Crawl Stone Soup version 0.17-a0-1132-g5dd4065 (webtiles) character file.

6778742 HeyJoe the Conqueror (level 27, 282/298 HPs)
             Began as a Deep Dwarf Berserker on May 24, 2015.
             Was a High Priest of Trog.
             Escaped with the Orb
             ... and 10 runes on May 25, 2015!
             The game lasted 19:22:08 (117492 turns).

HeyJoe the Conqueror (Deep Dwarf Berserker)       Turns: 117492, Time: 19:22:08

Health: 282/298    AC: 51    Str: 36    XL:     27
Magic:  9/9        EV: 28    Int: 15    God:    Trog [*****.]
Gold:   9785       SH: 26    Dex: 19    Spells: 1 memorised, 33 levels left

rFire  + + .     SeeInvis +     b - +9 war axe (vamp)
rCold  + + .     Clarity  +     H - +12 gold dragon armour
rNeg   + . .     SustAt   .     P - +5 shield of Quantum Leap {rPois Str+3 Stlth+}
rPois  +         Gourm    .     L - +2 helmet {Int+3}
rElec  +         Spirit   .     T - +0 cloak "Vaumn" {+Inv rCorr Str-2 Int+2}
rCorr  +         Warding  .     M - +2 pair of gloves "Fomoyc" {*Drain rElec rC+ Regen+}
rMut   .         Stasis   .     E - +0 pair of boots {run}
MR     ++++.                    A - amulet of clarity
Stlth  ++........               B - ring of the King {*Contam rF+ Dex+7 SInv}
                                N - ring of Kaoroex {rElec EV+1 Int+3 SInv}

@: non-regenerating, quick, incredibly resistant to hostile enchantments,
unstealthy
A: damage resistance, recharge devices, breathe flames 1, negative energy
resistance 1, sense surroundings 3, slow healing 3, wild magic 1
a: Device Recharging, Burn Spellbooks, Berserk, Trog's Hand, Brothers in Arms,
Renounce Religion, Breathe Fire, Evoke Invisibility
0: Orb of Zot
}: 10/15 runes: serpentine, barnacled, slimy, silver, abyssal, demonic, glowing,
magical, fiery, dark


You escaped.
You worshipped Trog.
Trog was extremely pleased with you.
You were very full.

You visited 13 branches of the dungeon, and saw 64 of its levels.
You visited Pandemonium 1 time, and saw 30 of its levels.
You visited the Abyss 4 times.
You visited 1 ziggurat, and saw 18 of its levels.
You also visited: Labyrinth and Ice Cave.

You collected 15542 gold pieces.
You spent 5613 gold pieces at shops.

Inventory:

Hand weapons
 a - the +7 broad axe of Taxation {holy, *Confuse rElec Dex+5}
   (You found it on level 2 of the Depths)

   It has been blessed by the Shining One to cause great damage to the undead
   and demons.
   It affects your dexterity (+5).
   It insulates you from electricity.
   It may confuse you when you take damage.
 b - a +9 vampiric war axe (weapon)
Armour
 i - a +2 pair of boots of flying
 n - the +2 pair of gloves "Fetoonny" {*Contam rF+ Int+4}
   (You acquired it on level 1 of the Lair of Beasts)

   It affects your intelligence (+4).
   It protects you from fire.
   It causes magical contamination when unequipped.
 o - a +2 helmet of see invisible
 u - the cursed +0 pair of boots of Amiwiwk {rF++ Regen+}
   (You found it on level 18 of a ziggurat)

   It greatly protects you from fire.
   It increases your rate of regeneration.
   It has a curse placed upon it.
 E - a +0 pair of boots of running (worn)
 H - a +12 gold dragon armour (worn)
 L - a +2 helmet of intelligence (worn)
 M - the +2 pair of gloves "Fomoyc" (worn) {*Drain rElec rC+ Regen+}
   (You found it on level 12 of a ziggurat)

   It protects you from cold.
   It insulates you from electricity.
   It increases your rate of regeneration.
   It causes draining when unequipped.
 P - the +5 shield of Quantum Leap (worn) {rPois Str+3 Stlth+}
   (You found it in Pandemonium)

   It affects your strength (+3).
   It protects you from poison.
   It makes you more stealthy.
 T - the +0 cloak "Vaumn" (worn) {+Inv rCorr Str-2 Int+2}
   (You found it on level 5 of the Vaults)

   It affects your strength (-2).
   It affects your intelligence (+2).
   It lets you turn invisible.
   It protects you from acid and corrosion.
Jewellery
 d - an uncursed amulet of warding
 r - the ring "Urify" {rF+ rC+}
   (You found it on level 6 of a ziggurat)

   [ring of protection from fire]

   It protects you from fire.
   It protects you from cold.
 A - an amulet of clarity (around neck)
 B - the ring of the King (right hand) {*Contam rF+ Dex+7 SInv}
   (You found it on level 2 of the Vaults)

   [ring of see invisible]

   It affects your dexterity (+7).
   It protects you from fire.
   It lets you see invisible.
   It causes magical contamination when unequipped.
 N - the ring of Kaoroex (left hand) {rElec EV+1 Int+3 SInv}
   (You found it on level 17 of a ziggurat)

   [ring of evasion]

   It affects your evasion (+1).
   It affects your intelligence (+3).
   It insulates you from electricity.
   It lets you see invisible.
 Q - a ring of the Octopus King {rC+ AC+1 EV+1 Str+1 Int+1 Dex+1}
   (You found it on level 2 of the Depths)

   [ring of protection from cold]

   It affects your AC (+1).
   It affects your evasion (+1).
   It affects your strength (+1).
   It affects your intelligence (+1).
   It affects your dexterity (+1).
   It protects you from cold.
Magical devices
 c - a wand of heal wounds (8)
 D - a wand of digging (2)
 I - a wand of teleportation (6)
 Z - a wand of hasting (7)
Scrolls
 f - 5 scrolls of magic mapping
 m - 16 scrolls of fog
 p - 3 scrolls of enchant armour
 q - 4 scrolls of silence
 t - 46 scrolls of teleportation
 w - 10 scrolls of blinking
 x - 12 scrolls of enchant weapon
 G - 25 scrolls of remove curse
 R - a scroll of brand weapon
Potions
 e - 14 potions of heal wounds
 z - 4 potions of might
 C - 8 potions of cancellation
 F - 4 potions of cure mutation
 J - 14 potions of curing
 O - a potion of haste
 S - 5 potions of magic
 X - 3 potions of resistance
Books
 K - a manual of Dodging
Miscellaneous
 g - a box of beasts {used: 2}
 k - a stone of tremors
 l - a phial of floods
 s - a fan of gales
 V - a lamp of fire
Comestibles
 j - 29 bread rations
 v - 35 fruits


   Skills:
 O Level 27 Fighting
 O Level 27 Axes
 + Level 11.4 Throwing
 O Level 27 Armour
 O Level 27 Dodging
 O Level 27 Stealth
 O Level 27 Shields
 - Level 4.1 Spellcasting
 O Level 27 Evocations


You had 33 spell levels left.
You knew the following spells:

 Your Spells              Type           Power        Failure   Level  Hunger
a - Animate Skeleton      Necr           N/A          86%         1    None


Dungeon Overview and Level Annotations

Branches:
Dungeon (15/15)            Temple (1/1) D:7            Lair (8/8) D:9
 Shoals (4/4) Lair:3        Snake (4/4) Lair:4        Slime (6/6) Lair:8
    Orc (4/4) D:11            Elf (3/3) Orc:4        Vaults (5/5) D:13
  Crypt (3/3) Vaults:2       Tomb (1/3) Crypt:3      Depths (5/5) D:15
    Zot (5/5) Depths:5

Altars:
Ashenzari
Cheibriados
Dithmenos
Elyvilon
Fedhas
Gozag
Kikubaaqudgha
Makhleb
Nemelex Xobeh
Okawaru
Qazlal
Ru
Sif Muna
Trog
Vehumet
Xom
Yredelemnul
Zin
The Shining One
Beogh
Jiyva

Shops:
D:6 ?   D:10 !   D:11 %   D:15 *   Orc:4 ?[(%   Shoals:3 :%}*%   Vaults:2 !
Vaults:5 *

Portals:
Hell: Depths:1 Depths:2 Depths:3 Depths:4 Depths:5
Abyss: Depths:2 Depths:4 Depths:5
Pandemonium: Depths:1 Depths:3 Depths:4


Innate Abilities, Weirdness & Mutations

You are resistant to damage.
You can recharge devices by infusing magical energy.
You resist negative energy.
You passively map a large area around you.
You do not heal naturally.
You can breathe flames.
Your spells are a little harder to cast, but a little more powerful.


Message History

Trog accepts your kill.
You see here a stone.
Evoke which item? (* to show all) (? for menu, Esc to quit)
Zapping:
D - a wand of digging (4)
Press: ? - help, Shift-Dir - straight line The rock shatters into small pieces.
This wand has 3 charges left.
A red devil comes into view. It is wielding a trident.
There is a stone staircase leading up here.
You block the red devil's attack.
You climb upwards.
You sense a powerful magical force warping space.
There is a stone staircase leading down here.
Evoke which item? (* to show all) (? for menu, Esc to quit)
Zapping:
D - a wand of digging (3)
Press: ? - help, Shift-Dir - straight line The rock shatters into small pieces.
This wand has 2 charges left.
A shadow imp comes into view.
There is a staircase leading out of the dungeon here.
There is a staircase leading out of the dungeon here.
You have escaped!

######.# ##.#
#.################.#########
#.#.........................
#.#.........................
#.#...#######..###########..
#.#...# #####..### #..
#.#...###........# #####..
#.#...5......÷...#####......
#.#...###..@................
#.#...# #........#.......†..
#.#...# ####..####.###......
#.#...# #..## #.# #......
#.#...# #...###.# ##...##
#.#...######..#.##.####...##
#.#.........................
#.#.........................
#.################.#########


You could see a shadow imp.

Vanquished Creatures
  Cerebov (Pan)
  Ignacio (Pan)
  Gloorx Vloq (Pan)
  A seraph (Pan)
  Mnoleg (Pan)
  Lom Lobon (Pan)
  7 orbs of fire
  11 ancient liches
  Mara (Crypt:3)
  Sojobo (Vaults:3)
  Frederick (Vaults:3)
  6 Killer Klowns
  2 curse toes (Zot:1)
  8 golden dragons
  A profane servitor (Abyss:3)
  the Enchantress (Depths:4)
  Xtahua (Crypt:2)
  A pearl dragon (Pan)
  11 bone dragons
  29 pandemonium lords
  23 tentacled monstrosities
  Jorgrun (Shoals:2)
  9 electric golems
  3 hellephants
  27 Orb Guardians
  11 Brimstone Fiends
  9 titans
  4 Hell Sentinels
  Asterion (Vaults:3)
  6 quicksilver dragons
  15 liches
  36 Executioners
  5 deep elf blademasters
  6 Ice Fiends
  A titan (shapeshifter) (Depths:2)
  A deep elf master archer (Elf:3)
  An eldritch tentacle (Zig:17)
  2 krakens
  25 acid blobs
  3 ancient champions (Zig:17)
  8 sphinxes
  15 Shadow Fiends
  34 tentacled starspawn
  A thorn hunter (Zig:4)
  24 storm dragons
  2 sphinxes (shapeshifter)
  9 shadow dragons
  10 tengu reavers
  4 greater nagas (Snake:4)
  6 draconian monks
  11 daevas (Pan)
  5 fire giants
  2 fire giants (shapeshifter) (Zig:18)
  7 revenants
  11 azure jellies
  3 iron dragons
  Maud (Orc:4)
  5 draconian knights
  12 ghost moths
  5 frost giants
  35 balrugs
  31 cacodemons
  8 deep elf sorcerers
  Aizul (Vaults:3)
  Louise (Snake:1)
  An emperor scorpion (Zig:14)
  4 draconian scorchers
  24 vault wardens
  5 curse skulls
  3 draconian zealots
  17 angels
  2 orc warlords
  A spectral weapon (Vaults:3)
  A ghost moth (shapeshifter) (Depths:2)
  21 warmongers
  3 ghouls
  3 draconian shifters
  12 draconian annihilators
  11 ironheart preservers
  18 reapers
  3 spriggan defenders (Depths:4)
  30 very ugly things
  8 vampire knights
  8 war gargoyles
  22 stone giants
  A spellforged servitor (Vaults:3)
  10 ophanim (Pan)
  17 blood saints
  A draconian caller (Zot:5)
  12 apis (Pan)
  A salamander firebrand (Pan)
  12 black draconians
  9 green draconians
  13 lorocyprocas
  12 deep elf demonologists
  7 purple draconians
  10 red draconians
  9 white draconians
  23 chaos champions
  14 corrupters
  9 mottled draconians
  5 yellow draconians
  19 black suns
  4 deep elf annihilators
  The ghost of Monkaria the Fighter, a powerful DsCK of Xom (Lair:7)
  12 deep elf death magi
  5 eidola
  7 ettins
  The ghost of Mulkerokala the Basher, a powerful GrFi of Okawaru (Elf:2)
  A minotaur (Lab)
  Snorg (Orc:1)
  6 merfolk javelineers
  4 mummy priests
  29 blizzard demons
  11 crystal guardians
  10 death oozes (Slime:6)
  28 vault guards
  8 jiangshi
  21 green deaths
  10 yaktaur captains
  10 merfolk impalers
  20 ogre magi
  22 great orbs of eyes
  10 death cobs
  16 fire dragons
  2 deep elf high priests
  A great orb of eyes (shapeshifter) (Depths:2)
  6 entropy weavers
  Fannar (D:11)
  Harold (Lair:1)
  A quicksilver dragon skeleton (Pan)
  5 catoblepae
  An entropy weaver (shapeshifter) (Depths:2)
  A spectral tengu (Zig:17)
  22 monstrous demonspawn
  3 hydras
  10 ice dragons
  14 naga warriors
  4 death knights
  9 spriggan air magi
  18 rakshasas
  An anaconda (shapeshifter) (Depths:1)
  5 merfolk avatars
  9 centaur warriors
  2 satyrs (Shoals:4)
  10 deep troll shamans
  35 dancing weapons
  10 anacondas
  5 merfolk aquamancers
  2 alligators (Zig:6)
  2 vampire magi
  17 hell beasts
  6 salamander stormcallers
  An alligator (shapeshifter) (Zig:18)
  11 deep troll earth magi
  The ghost of comborobin the Summoner, an experienced DrSu of Ashenzari (Lair:1)
  15 death yaks
  3 orc high priests
  A titan zombie (Crypt:3)
  10 tengu warriors
  10 hell hogs
  Urug (Orc:1)
  7 spriggan berserkers
  8 naga sharpshooters
  14 hell knights
  33 thrashing horrors
  13 spriggans
  2 storm dragon zombies
  Sonja (D:12)
  A spectral elf (Zig:17)
  19 deep elf knights
  An iron golem (Depths:2)
  143 large abominations
  14 shock serpents
  41 soul eaters
  26 wretched stars
  15 shadow wraiths
  55 sun demons
  2 unseen horrors (shapeshifter)
  3 titan skeletons (Pan)
  The ghost of Seriy500 the Skirmisher, an experienced DsFi (D:7)
  28 skeletal warriors
  3 golden dragon zombies
  13 sea snakes
  46 deep trolls
  12 ice devils
  14 spatial maelstroms
  A spectral anaconda (Zig:17)
  3 iron trolls (Depths:4)
  4 wizards
  A death drake (Abyss:3)
  3 storm dragon skeletons
  7 salamander mystics
  33 gelid demonspawn (Pan)
  32 infernal demonspawn
  61 small abominations
  11 flayed ghosts
  A ghost moth zombie (Crypt:1)
  3 unseen horrors
  2 quicksilver dragon simulacra
  11 cherubim (Pan)
  An anaconda zombie (Crypt:1)
  30 putrid demonspawn (Pan)
  A death drake (shapeshifter) (Vaults:1)
  16 shadow demons
  6 ice statues
  14 hill giants
  A spectral iron dragon (Zig:17)
  2 obsidian statues
  A shadow dragon zombie (Crypt:3)
  2 death scarabs
  2 anubis guards (Zig:10)
  9 deep elf summoners
  44 torturous demonspawn
  A swamp dragon (Zig:4)
  17 phantasmal warriors
  5 naga ritualists
  3 golden dragon skeletons
  10 orb spiders
  14 wolf spiders
  14 ironbrand convokers
  3 shadow dragon skeletons
  7 orc sorcerers
  87 ugly things
  17 deep elf conjurers
  17 mana vipers
  14 giant orange brains
  5 lindwurms
  15 orc knights
  A stone giant zombie (Vaults:2)
  A hornet (shapeshifter) (D:15)
  A frost giant zombie (Crypt:3)
  12 fauns
  A wolf spider zombie (D:15)
  A manticore (shapeshifter) (Vaults:4)
  A draconian zombie (Zot:4)
  9 necromancers
  14 shining eyes
  2 deathcaps (Zot:1)
  18 manticores
  70 sixfirhies
  An oklob plant (Zig:18)
  11 worldbinders
  2 octopodes (shapeshifter) (Depths:2)
  9 salamanders
  12 cyclopes
  72 flying skulls
  7 griffons
  A stone giant skeleton (Crypt:3)
  20 harpies
  4 sirens
  4 frost giant skeletons
  24 moths of wrath
  A water nymph (Shoals:4)
  6 elephants
  5 hornets
  11 guardian serpents
  7 eyes of devastation
  32 black mambas
  An iron dragon skeleton (Vaults:5)
  A drowned soul (Shoals:3)
  6 apocalypse crabs
  31 naga magi
  22 vault sentinels
  A moth of wrath (shapeshifter) (Zig:18)
  4 centaur zombies
  A storm dragon simulacrum (Crypt:1)
  A fire giant skeleton (Vaults:5)
  12 rust devils
  116 smoke demons
  12 spiny frogs
  3 torpor snails
  An orange crystal statue (Depths:2)
  15 komodo dragons
  2 centaur skeletons
  A black draconian zombie (Depths:5)
  105 orange demons
  A ghost moth simulacrum (Abyss:3)
  2 human zombies (Vaults:4)
  A shock serpent skeleton (Pan)
  A yaktaur zombie (Vaults:2)
  21 demonic crawlers
  3 gargoyles
  A purple draconian zombie (Zot:4)
  2 komodo dragons (shapeshifter)
  A yaktaur (shapeshifter) (Depths:4)
  A kobold demonologist (Vaults:1)
  A spiny frog (shapeshifter) (Depths:5)
  31 ancient zymes
  10 hellions
  A death yak zombie (Crypt:2)
  2 titan simulacra
  17 tormentors (Pan)
  18 efreet
  A fire drake (shapeshifter) (Vaults:3)
  26 blue devils
  45 yaktaurs
  A black draconian skeleton (Crypt:1)
  A sea snake skeleton (Crypt:2)
  96 hellwings
  A purple draconian skeleton (Crypt:1)
  48 red devils
  3 hydra zombies
  11 tengu conjurers
  A harpy zombie (Crypt:1)
  14 deep elf priests
  A jumping spider (shapeshifter) (Elf:3)
  28 two-headed ogres
  11 freezing wraiths
  A green draconian skeleton (Crypt:3)
  11 guardian mummies
  A troll (shapeshifter) (Depths:2)
  13 trolls
  A minotaur zombie (Crypt:2)
  39 merfolk
  A silent spectre (Abyss:3)
  8 wandering mushrooms
  2 wind drakes
  12 jumping spiders
  A polar bear (shapeshifter) (Vaults:3)
  17 blink frogs
  4 hydra skeletons
  Grinder (D:5)
  22 ravens
  12 fire vortices
  3 polar bears (Lair:7)
  A wolf spider simulacrum (D:13)
  A giant leech (Zig:6)
  5 boulder beetles
  A spectral swamp dragon (Abyss:3)
  A frost giant simulacrum (Vaults:2)
  A raven (shapeshifter) (Depths:2)
  A slime creature (shapeshifter) (Depths:2)
  A bog body (Zig:6)
  162 slime creatures
  An ushabti (Zig:12)
  40 raiju
  A blink frog (shapeshifter) (Depths:2)
  An alligator zombie (Abyss:2)
  2 ice dragon zombies
  2 human simulacra
  A two-headed ogre (shapeshifter) (D:13)
  80 yaks
  7 snapping turtles
  78 ynoxinuls
  2 spriggans (shapeshifter)
  12 trapdoor spiders
  2 ettin skeletons
  8 vampires
  19 water elementals
  A human (shapeshifter) (Vaults:1)
  15 air elementals
  2 fire dragon skeletons
  13 tarantellas
  14 shadows
  3 tarantellas (shapeshifter)
  5 wyverns
  22 redbacks
  A trapdoor spider (shapeshifter) (Depths:1)
  A basilisk (shapeshifter) (Elf:3)
  29 deep elf magi
  25 wraiths
  10 golden eyes
  A steam dragon (Lair:3)
  2 yaks (shapeshifter) (D:15)
  2 redbacks (shapeshifter)
  5 basilisks
  2 black mamba skeletons
  29 chaos spawn
  3 fire bats (Abyss:2)
  A golden eye (shapeshifter) (Zig:18)
  A mottled draconian simulacrum (Pan)
  A hippogriff (shapeshifter) (Zig:18)
  3 hogs (shapeshifter)
  38 deep elf fighters
  10 hippogriffs
  75 neqoxecs
  15 spatial vortices (Abyss:3)
  5 vampire mosquitoes
  An emperor scorpion simulacrum (Abyss:1)
  6 fire elementals
  7 hungry ghosts
  13 water moccasins
  14 wolves
  54 nagas
  A tengu zombie (Depths:5)
  12 insubstantial wisps
  2 steam dragons (shapeshifter)
  7 wargs
  A soldier ant (shapeshifter) (Vaults:3)
  A mottled dragon (D:10)
  A spectral snapping turtle (Abyss:3)
  16 porcupines
  A spectral spriggan (Abyss:3)
  8 hell hounds
  62 orc warriors
  A spiny frog zombie (Crypt:3)
  A water moccasin (shapeshifter) (Vaults:5)
  A spider (shapeshifter) (Vaults:5)
  A spectral troll (Abyss:3)
  3 swamp drakes
  A spectral blink frog (Abyss:3)
  2 black bears
  19 eyes of draining
  34 ice beasts
  3 sky beasts
  A spiny frog skeleton (Crypt:3)
  2 phantoms
  56 ogres
  An eye of draining (shapeshifter) (Vaults:3)
  An orc zombie (Vaults:2)
  5 necrophages
  18 crocodiles
  A manticore skeleton (Pan)
  13 wasps
  8 boggarts
  A salamander simulacrum (Vaults:3)
  The ghost of igornogaf the Skirmisher, an average GrBe of Trog (D:3)
  A snapping turtle skeleton (Pan)
  A spectral demonspawn (Depths:2)
  17 centaurs
  A lost soul (Crypt:3)
  2 big kobolds
  9 brain worms
  A brain worm (shapeshifter) (Vaults:4)
  A spectral basilisk (Abyss:3)
  A big kobold (shapeshifter) (Depths:2)
  A gnoll sergeant (D:10)
  A vine stalker skeleton (Crypt:2)
  2 wyvern skeletons
  11 earth elementals
  2 human skeletons
  17 giant frogs
  A salamander skeleton (Crypt:2)
  11 killer bees
  5 scorpions
  21 wights
  20 crimson imps
  3 electric eels
  A giant frog zombie (D:13)
  117 starcursed masses
  4 hounds
  3 lava snakes (Lair:8)
  42 jellies
  18 quasits
  Ijyb (D:3)
  6 worker ants
  A porcupine zombie (Crypt:1)
  Terence (D:3)
  20 iguanas
  62 orc wizards
  Natasha (twice) (D:3)
  49 orc priests
  5 hell rats
  19 iron imps
  28 sheep
  A killer bee zombie (D:9)
  A deep dwarf skeleton (Crypt:2)
  2 naga skeletons
  2 ogre skeletons
  17 mummies
  A gnoll (shapeshifter) (Depths:2)
  7 gnolls
  A worker ant zombie (D:9)
  An adder (shapeshifter) (Vaults:4)
  56 river rats
  10 adders
  9 shadow imps
  19 white imps
  4 giant eyeballs (Pan)
  A spectral worm (Depths:2)
  186 ufetubi
  An ooze (D:1)
  4 adder zombies
  3 adder skeletons
  A worm (D:3)
  10 giant geckos
  248 orcs
  A ball python (D:1)
  24 bats
  A bat skeleton (D:8)
  23 goblins
  18 hobgoblins
  6 jackals (D:1)
  4 quokkas
  5 giant cockroaches
  A giant gecko skeleton (D:5)
  A giant gecko zombie (D:7)
  5 giant newts
  2 jackal skeletons
  20 kobolds
  2 lurking horrors (Abyss:3)
  An orc skeleton (Crypt:1)
  2 quokka skeletons
  13 rats
  A rat skeleton (Crypt:1)
  A spectral hobgoblin (Depths:2)
  5 briar patches (Zig:4)
  5 crawling corpses
  23 fungi
  5 grand avatars (Pan)
  12 plants
  27 starspawn tentacles
  7 tentacles
6146 creatures vanquished.

Vanquished Creatures (collateral kills)
  the royal jelly (Slime:6)
  An ancient lich (Depths:4)
  Mennas (Vaults:5)
  A greater mummy (Zig:10)
  2 pandemonium lords (Zig:18)
  Saint Roka (Orc:4)
  A Killer Klown (Zig:18)
  A golden dragon (Zig:13)
  An Ice Fiend (Zig:15)
  A titan (Vaults:5)
  A quicksilver dragon (shapeshifter) (Zig:18)
  An acid blob (Slime:6)
  An Executioner (Zig:18)
  The ghost of igornogaf the Tortoise, a mighty MiBe of Trog (Elf:3)
  A shadow dragon (shapeshifter) (Zig:18)
  A shadow dragon (Vaults:5)
  A storm dragon (Vaults:5)
  An azure jelly (Slime:6)
  A fire giant (Vaults:5)
  Ilsuiw (Shoals:4)
  A deep elf sorcerer (Elf:3)
  A vault warden (Zig:13)
  2 stone giants
  A war gargoyle (Depths:2)
  A very ugly thing (Depths:2)
  A deep elf annihilator (Elf:3)
  2 large abominations
  2 ettins
  A black sun (Zig:15)
  A crystal guardian (Depths:2)
  An eidolon (Zig:17)
  4 mummy priests
  A death ooze (Slime:6)
  3 vault guards (Vaults:5)
  A great orb of eyes (Vaults:4)
  3 hydras
  2 deep elf high priests
  A yaktaur captain (Vaults:5)
  A rakshasa (Abyss:3)
  2 ogre magi
  A salamander stormcaller (Zig:13)
  2 dancing weapons (Depths:2)
  A titan zombie (Zig:10)
  A spectral spriggan (Zig:17)
  A soul eater (Crypt:3)
  A deep troll (shapeshifter) (Zig:13)
  2 skeletal warriors (Crypt:3)
  A flayed ghost (Zig:13)
  A necromancer (Crypt:3)
  2 anubis guards (Zig:10)
  A phantasmal warrior (Zig:17)
  A faun (Zig:13)
  An elephant (Lair:8)
  2 ugly things (Depths:2)
  A sphinx skeleton (Zig:10)
  3 oklob plants (Zig:18)
  A smoke demon (Zig:18)
  3 vault sentinels (Vaults:5)
  A rust devil (Zig:18)
  3 yaktaurs
  A hellwing (Zig:12)
  A freezing wraith (Zig:17)
  A fire vortex (Zig:13)
  A raiju (Zig:16)
  A two-headed ogre (Vaults:5)
  3 slime creatures (Slime:3)
  An ushabti (Zig:10)
  A vampire (Zig:17)
  A deep elf mage (Elf:3)
  2 flying skulls
  7 water elementals
  4 air elementals
  A deep elf fighter (Elf:3)
  A golden eye (Zig:18)
  A fire elemental (Depths:2)
  A neqoxec (Elf:3)
  A chaos spawn (Zig:18)
  A yak (Lair:8)
  2 orc warriors (Orc:4)
  A swamp drake (Zig:6)
  A swamp drake (shapeshifter) (Vaults:5)
  An earth elemental (Depths:2)
  A human simulacrum (Zig:10)
  2 jellies
  An iron imp (Elf:3)
  A lightning spire (Zig:17)
  3 mummies
  4 ufetubi
  A giant eyeball (Zig:18)
131 creatures vanquished.

Vanquished Creatures (others)
  An ancient lich (Abyss:1)
  A tentacled monstrosity (Zig:13)
  A hellephant (Abyss:1)
  A deep elf master archer (Elf:3)
  An eldritch tentacle (Pan)
  A tengu reaver (Depths:4)
  A storm dragon (Vaults:5)
  An azure jelly (shapeshifter) (Depths:2)
  A draconian scorcher (Zot:4)
  A ghost moth (Zig:9)
  A draconian zealot (Zot:3)
  2 very ugly things (Vaults:4)
  An ironheart preserver (Vaults:4)
  A stone giant (Vaults:5)
  2 blood saints (Pan)
  A vampire knight (Depths:4)
  2 war gargoyles (Depths:2)
  A deep elf demonologist (Vaults:5)
  A lorocyproca (Zot:1)
  A red draconian (Zot:1)
  An ettin (Vaults:4)
  8 merfolk javelineers
  A merfolk impaler (Shoals:4)
  4 vault guards
  2 yaktaur captains
  An ice dragon (Vaults:5)
  A centaur warrior (D:14)
  A spriggan air mage (Depths:5)
  A dancing weapon (Zig:13)
  A soul eater (Pan)
  4 deep elf knights
  A shadow wraith (Vaults:4)
  A thrashing horror (Abyss:3)
  13 ball lightnings (Depths:2)
  A giant orange brain (Depths:2)
  A shadow demon (Pan)
  A storm dragon skeleton (Abyss:1)
  A wizard (Depths:4)
  A torturous demonspawn (Pan)
  An ice devil (Pan)
  An unseen horror (D:15)
  An iron troll (Zig:17)
  A necromancer (Crypt:3)
  An ironbrand convoker (Zig:13)
  A faun (Zig:13)
  A phantasmal warrior (Zig:17)
  An orc knight (Vaults:5)
  2 ugly things
  A sixfirhy (Vaults:5)
  2 wolf spiders (Vaults:5)
  A moth of wrath (Zot:5)
  4 cyclopes (Depths:3)
  A smoke demon (Pan)
  An eye of devastation (Pan)
  32 drowned souls
  2 vault sentinels
  A molten gargoyle (Depths:2)
  A spriggan skeleton (Zig:12)
  11 yaktaurs
  18 water elementals
  A mottled draconian zombie (Zot:4)
  An orange demon (Pan)
  A fire drake (Zig:7)
  2 merfolk
  2 hellwings (Depths:2)
  3 trolls
  33 fire elementals
  2 wind drakes (Depths:2)
  4 ravens (Depths:2)
  2 fire vortices
  2 boulder beetles
  4 raiju (Abyss:3)
  A redback (shapeshifter) (Depths:2)
  A ynoxinul (Pan)
  3 air elementals
  2 chaos spawn
  3 golden eyes (Abyss:3)
  A deep elf fighter (Elf:3)
  A mottled dragon (Depths:2)
  A neqoxec (Abyss:3)
  2 hell hounds (Depths:2)
  2 ice beasts (Depths:2)
  A porcupine (shapeshifter) (Vaults:5)
  2 ogres
  2 centaurs (Pan)
  A necrophage (Crypt:3)
  A snapping turtle zombie (Abyss:3)
  A wasp (Depths:4)
  3 orc warriors (Vaults:5)
  A boggart (Depths:3)
  3 earth elementals
  4 large abominations
  2 chimeras
  19 lost souls
  An orc priest (Elf:1)
  An iron imp (Abyss:3)
  A white imp (Abyss:3)
  A giant eyeball (Zig:18)
  3 ufetubi
  An orc (Vaults:5)
  4 lurking horrors
  A block of ice (Zig:18)
  3 bushes
  75 eldritch tentacle segments
  3 fungi (Lair:8)
  29 plants
  53 starspawn tentacles
  298 starspawn tentacle segments
  15 tentacles
  1136 tentacle segments
1892 creatures vanquished.

Grand Total: 8169 creatures vanquished

Notes
Turn   | Place    | Note
--------------------------------------------------------------
     0 | D:1      | HeyJoe the Deep Dwarf Berserker began the quest for the Orb.
     0 | D:1      | Reached XP level 1. HP: 20/20 MP: 1/1
   145 | D:1      | Reached skill level 4 in Axes
   145 | D:1      | Reached XP level 2. HP: 22/27 MP: 2/2
   552 | D:1      | Reached XP level 3. HP: 25/33 MP: 3/3
   576 | D:1      | Acquired Trog's second power
   844 | D:2      | Found a radiant altar of Vehumet.
   844 | D:2      | Found a stormy altar of Qazlal.
   844 | D:2      | Found a shadowy altar of Dithmenos.
   845 | D:2      | Found a glowing golden altar of the Shining One.
   866 | D:2      | Reached skill level 5 in Axes
  1805 | D:3      | Noticed Natasha
  1816 | D:3      | Reached XP level 4. HP: 23/40 MP: 4/4
  1820 | D:3      | Killed Natasha
  1841 | D:3      | Reached skill level 1 in Stealth
  1879 | D:3      | Reached skill level 6 in Axes
  1946 | D:3      | Noticed Terence
  1959 | D:3      | Killed Terence
  1959 | D:3      | Reached XP level 5. HP: 46/46 MP: 5/5
  2221 | D:3      | Noticed igornogaf's ghost (average GrBe)
  2244 | D:3      | Killed igornogaf's ghost
  2244 | D:3      | Reached skill level 7 in Axes
  2323 | D:3      | Reached XP level 6. HP: 35/55 MP: 6/6
  2396 | D:3      | Noticed Ijyb
  2404 | D:3      | Killed Ijyb
  2451 | D:3      | Noticed Natasha
  2455 | D:3      | Killed Natasha
  2455 | D:3      | Reached skill level 1 in Shields
  2902 | D:4      | Found a bloodstained altar of Trog.
  2980 | D:4      | You fall through a shaft for 2 floors!
  2985 | D:6      | Found Yleeq's Magic Scroll Boutique.
  2988 | D:6      | Bought a scroll of remove curse for 33 gold pieces
  2988 | D:6      | Bought a scroll of magic mapping for 38 gold pieces
  2988 | D:6      | Bought a scroll of random uselessness for 11 gold pieces
  2988 | D:6      | Bought a scroll of identify for 22 gold pieces
  3012 | D:6      | Reached skill level 8 in Axes
  3046 | D:6      | Reached XP level 7. HP: 29/61 MP: 7/7
  3174 | D:5      | Entered Level 5 of the Dungeon
  3174 | D:5      | Noticed Grinder
  3196 | D:5      | Reached skill level 9 in Axes
  3219 | D:5      | Killed Grinder
  3262 | D:5      | Reached XP level 8. HP: 68/68 MP: 7/7
  3331 | D:5      | Reached skill level 10 in Axes
  3404 | D:4      | Reached skill level 5 in Shields
  3471 | D:4      | Acquired Trog's third power
  4097 | D:5      | Found an ancient bone altar of Kikubaaqudgha.
  4097 | D:5      | Found an iron altar of Okawaru.
  4098 | D:5      | Found a white marble altar of Elyvilon.
  4174 | D:5      | Found a sacrificial altar of Ru.
  4496 | D:6      | Reached skill level 11 in Axes
  4563 | D:6      | Got a steaming leather armour
  4574 | D:6      | Identified the +0 leather armour of the Gardener {*Corrode Regen+ Str-5 Stlth+} (You found it on level 6 of the Dungeon)
  4899 | D:6      | Found a basalt altar of Yredelemnul.
  4915 | D:6      | Gained mutation: You passively map the area around you. [Deep Dwarf growth]
  4915 | D:6      | Reached XP level 9. HP: 47/74 MP: 8/8
  5166 | D:7      | Noticed Seriy500's ghost (experienced DsFi)
  5176 | D:7      | Killed Seriy500's ghost
  5176 | D:7      | Reached skill level 12 in Axes
  5283 | D:7      | Found a blossoming altar of Fedhas.
  5420 | D:7      | Found a staircase to the Ecumenical Temple.
  5429 | Temple   | Entered the Ecumenical Temple
  5947 | D:8      | Reached skill level 13 in Axes
  6383 | D:9      | Found a staircase to the Lair.
  6397 | D:9      | Found a stormy altar of Qazlal.
  6462 | D:9      | Reached XP level 10. HP: 40/81 MP: 7/7
  7004 | D:10     | Entered Level 10 of the Dungeon
  7150 | D:10     | Reached skill level 14 in Axes
  7486 | D:10     | Found Ekha's Distillery.
  7489 | D:10     | Bought a potion of cure mutation for 420 gold pieces
  7493 | D:10     | Gained mutation: You have large cloven feet. [potion of mutation]
  7493 | D:10     | Lost mutation: You have large cloven feet. [potion of mutation]
  7493 | D:10     | Gained mutation: Your mind is acute. (Int +2) [potion of mutation]
  8055 | D:11     | Reached skill level 15 in Axes
  8059 | D:11     | Received a gift from Trog
  8105 | D:11     | Found a staircase to the Orcish Mines.
  8313 | D:11     | Noticed a catoblepas
  8357 | D:11     | Killed a catoblepas
  8357 | D:11     | Reached XP level 11. HP: 14/88 MP: 8/8
  8397 | D:11     | Found Usebyr's Food Emporium.
  8426 | D:11     | Noticed Fannar
  8479 | D:11     | Killed Fannar
  8479 | D:11     | Reached skill level 10 in Shields
  8488 | D:11     | Gained mutation: You are clumsy. (Dex -2) [potion of mutation]
  8488 | D:11     | Gained mutation: You evolve. [potion of mutation]
  8488 | D:11     | Gained mutation: You expend magic power (3 MP) to strengthen your wands. [potion of mutation]
  8791 | Orc:1    | Entered Level 1 of the Orcish Mines
  8805 | Orc:1    | Received a gift from Trog
  8901 | Orc:1    | Noticed Snorg
  8922 | Orc:1    | Killed Snorg
  8922 | Orc:1    | Reached skill level 16 in Axes
  9222 | Orc:1    | Noticed Urug
  9239 | Orc:1    | Killed Urug
  9663 | Orc:2    | Received a gift from Trog
  9719 | Orc:2    | Noticed an orc warlord
  9755 | Orc:2    | Killed an orc warlord
  9755 | Orc:2    | Reached skill level 17 in Axes
  9764 | Orc:2    | Reached XP level 12. HP: 68/96 MP: 7/7
  9841 | Orc:2    | Gained mutation: You are partially covered in rugged brown scales (AC +1, +3% HP). [evolution]
 10352 | Orc:3    | Received a gift from Trog
 10851 | Orc:3    | Noticed an orc warlord
 10868 | Orc:3    | Killed an orc warlord
 10955 | Orc:3    | Received a gift from Trog
 11018 | Orc:3    | Found a roughly hewn altar of Beogh.
 11032 | Orc:3    | Reached skill level 18 in Axes
 11431 | Orc:4    | Entered Level 4 of the Orcish Mines
 11574 | Orc:4    | Noticed Maud
 11645 | Orc:4    | Killed Maud
 11691 | Orc:4    | Found a roughly hewn altar of Beogh.
 11700 | Orc:4    | Found a roughly hewn altar of Beogh.
 11858 | Orc:4    | Found a staircase to the Elven Halls.
 11979 | Orc:4    | Found a roughly hewn altar of Beogh.
 12157 | Orc:4    | Received a gift from Trog
 12160 | Orc:4    | Got a twisted hand axe {god gift}
 12161 | Orc:4    | Identified the +7 hand axe "Goblinslayer" {chop, Dex+5} (Trog gifted it to you on level 4 of the Orcish Mines)
 12172 | Orc:4    | Noticed Saint Roka
 12192 | Orc:4    | Killed Saint Roka
 12192 | Orc:4    | Reached XP level 13. HP: 45/105 MP: 7/7
 12318 | Orc:4    | Reached skill level 19 in Axes
 12456 | Orc:4    | Found Foitoxze's Antique Weapon Emporium.
 12457 | Orc:4    | Found a roughly hewn altar of Beogh.
 12460 | Orc:4    | Found Rogew Rysch's Antique Armour Shoppe.
 12472 | Orc:4    | Bought a glowing cloak for 139 gold pieces
 12599 | Orc:4    | Found a roughly hewn altar of Beogh.
 12664 | Orc:4    | Found Yrasit's Food Shop.
 12816 | Orc:4    | Found a roughly hewn altar of Beogh.
 13000 | Orc:4    | Received a gift from Trog
 13051 | Orc:4    | Found a roughly hewn altar of Beogh.
 13051 | Orc:4    | Found Regeuf's Magic Scroll Shoppe.
 13307 | Lair:1   | Entered Level 1 of the Lair of Beasts
 13336 | Lair:1   | Noticed Harold
 13355 | Lair:1   | Killed Harold
 13829 | Lair:1   | Noticed comborobin's ghost (experienced DrSu)
 13843 | Lair:1   | Killed comborobin's ghost
 14409 | Lair:2   | Found a labyrinth entrance.
 14415 | Lab      | Entered a labyrinth
 14560 | Lab      | Reached skill level 20 in Axes
 14571 | Lab      | Got a scorched pewter amulet
 14574 | Lab      | Got a faintly glowing ring mail
 14610 | Lab      | Identified the amulet "Gair" {Stasis rF+ rN+ Int+4 SInv} (You found it in a labyrinth)
 14626 | Lab      | Identified the cursed +1 ring mail of the Fifty Beggars {rC+ Str+7} (You found it in a labyrinth)
 14852 | D:12     | Found a sparkling altar of Nemelex Xobeh.
 15037 | D:12     | Noticed Sonja
 15045 | D:12     | Received a gift from Trog
 15069 | D:12     | Killed Sonja
 15794 | D:12     | Gained mutation: You resist negative energy. [Deep Dwarf growth]
 15794 | D:12     | Reached XP level 14. HP: 112/112 MP: 8/8
 15821 | D:12     | Reached skill level 15 in Shields
 16131 | D:13     | Found a frozen archway.
 16184 | IceCv    | Entered an ice cave
 16717 | D:13     | Reached skill level 5 in Armour
 16793 | D:13     | Identified a scroll of acquirement
 16833 | D:13     | Reached skill level 5 in Dodging
 16945 | D:13     | Gained mutation: You are resistant to hostile enchantments. [potion of beneficial mutation]
 17316 | D:13     | Got a jewelled war axe {venom}
 17318 | D:13     | Found a gate to the Vaults.
 17336 | D:13     | Identified the cursed +1 war axe "Bynku" {venom, +Inv rElec Dex+4} (You took it off a vault guard on level 13 of the Dungeon)
 17678 | Lair:2   | Reached skill level 1 in Evocations
 18456 | Lair:2   | Received a gift from Trog
 18895 | Lair:3   | Gained mutation: You are partially covered in icy blue scales (AC +1). [evolution]
 19199 | Lair:3   | Found a staircase to the Shoals.
 19832 | Lair:4   | Received a gift from Trog
 19851 | Lair:4   | Found a staircase to the Snake Pit.
 20562 | Lair:4   | Got a warped rapier
 20781 | Lair:5   | Reached skill level 5 in Evocations
 21030 | Lair:5   | Got a steaming morningstar
 21943 | Lair:6   | Reached skill level 10 in Armour
 22177 | Lair:6   | Received a gift from Trog
 22191 | Lair:6   | Identified the +5 rapier "Cufokk" {pierce, Int+2} (You found it on level 4 of the Lair of Beasts)
 22202 | Lair:6   | Identified the +1 morningstar of Afanon {crush, rF+ Dex+4} (You found it on level 5 of the Lair of Beasts)
 22782 | Lair:6   | Reached XP level 15. HP: 118/118 MP: 13/13
 23168 | Lair:7   | Noticed Monkaria's ghost (powerful DsCK)
 23188 | Lair:7   | Killed Monkaria's ghost
 23363 | Lair:7   | Got a jewelled battleaxe
 23388 | Lair:8   | Entered Level 8 of the Lair of Beasts
 23388 | Lair:8   | Found a viscous altar of Jiyva.
 23388 | Lair:8   | Found a staircase to the Slime Pits.
 23420 | Lair:8   | Received a gift from Trog
 23451 | Lair:8   | Got a steaming leather armour
 23485 | Lair:8   | Identified the cursed +1 leather armour "Fafrum" {rElec rCorr} (You found it on level 8 of the Lair of Beasts)
 23548 | Lair:8   | Identified the +7 battleaxe "Unkyzaf" {drain, Int+4} (You found it on level 7 of the Lair of Beasts)
 24304 | Lair:8   | Reached skill level 5 in Fighting
 24971 | Lair:1   | Got a pair of steaming gloves
 24982 | Lair:1   | Identified the +2 pair of gloves "Fetoonny" {*Contam rF+ Int+4} (You acquired it on level 1 of the Lair of Beasts)
 25178 | Elf:1    | Entered Level 1 of the Elven Halls
 25285 | Elf:1    | Received a gift from Trog
 26628 | Snake:1  | Entered Level 1 of the Snake Pit
 26718 | Snake:1  | Noticed Louise
 26724 | Snake:1  | Received a gift from Trog
 26741 | Snake:1  | Reached XP level 16. HP: 145/145 MP: 16/16
 26753 | Snake:1  | Killed Louise
 26765 | Snake:1  | Found a shimmering altar of Xom.
 26935 | Snake:1  | Received a gift from Trog
 27591 | Snake:1  | Received a gift from Trog
 27607 | Snake:1  | Reached skill level 10 in Fighting
 28831 | Snake:3  | Received a gift from Trog
 29255 | Snake:4  | Entered Level 4 of the Snake Pit
 29699 | Snake:4  | Received a gift from Trog
 29969 | Snake:4  | Reached XP level 17. HP: 121/164 MP: 17/17
 30016 | Snake:4  | Received a gift from Trog
 30487 | Snake:4  | Received a gift from Trog
 30620 | Snake:4  | Got a serpentine rune of Zot
 31246 | Shoals:1 | Entered Level 1 of the Shoals
 31289 | Shoals:1 | Gained mutation: Your mind is very acute. (Int +4) [evolution]
 31604 | Shoals:1 | Received a gift from Trog
 32234 | Shoals:2 | Noticed Jorgrun
 32254 | Shoals:2 | Killed Jorgrun
 32818 | Shoals:3 | Found Ymukk's Gadget Boutique.
 33124 | Shoals:3 | Found Guselu's Assorted Antiques.
 33168 | Shoals:3 | Gained mutation: You passively map a large area around you. [Deep Dwarf growth]
 33168 | Shoals:3 | Reached XP level 18. HP: 80/181 MP: 18/18
 33181 | Shoals:3 | Bought a glowing war axe for 94 gold pieces
 33181 | Shoals:3 | Bought a smoking iron amulet for 135 gold pieces
 33517 | D:6      | Bought a scroll of identify for 22 gold pieces
 33517 | D:6      | Bought a scroll of immolation for 38 gold pieces
 33517 | D:6      | Bought a scroll of identify for 22 gold pieces
 33517 | D:6      | Bought a scroll of identify for 22 gold pieces
 33525 | D:6      | Identified the amulet of the Heavens {+Rage rPois rF+} (You bought it in a shop on level 3 of the Shoals)
 33776 | D:6      | Bought a scroll of brand weapon for 220 gold pieces
 34040 | Orc:4    | Bought a scroll of brand weapon for 300 gold pieces
 34435 | Shoals:3 | Found Huukh's Food Shop.
 34527 | Shoals:3 | Received a gift from Trog
 34643 | Shoals:3 | Got an iridescent battleaxe {god gift}
 34654 | Shoals:3 | Found Sialastru's Food Emporium.
 34671 | Shoals:3 | Found Jogimn's Book Emporium.
 34858 | Shoals:3 | Reached skill level 15 in Fighting
 34948 | Shoals:4 | Entered Level 4 of the Shoals
 35254 | Shoals:4 | Noticed Ilsuiw
 35254 | Shoals:4 | Reached skill level 10 in Evocations
 35370 | Shoals:4 | Received a gift from Trog
 35442 | Shoals:4 | Got a barnacled rune of Zot
 35711 | Shoals:4 | Killed Ilsuiw
 35808 | Shoals:4 | Got a spiked scale mail
 35981 | Shoals:4 | Received a gift from Trog
 36020 | Shoals:4 | Identified the cursed +0 scale mail of Vihe {MR+} (You found it on level 4 of the Shoals)
 36031 | Shoals:4 | Got a heavily runed ring mail
 36037 | Shoals:4 | Identified the +5 ring mail of Peasurugh {Int+2 Dex+3} (You found it on level 4 of the Shoals)
 36534 | Lair:1   | Identified the +7 battleaxe of Reddoen {speed, MR+ Str+3 Int+3} (Trog gifted it to you on level 3 of the Shoals)
 37613 | D:14     | You fall through a shaft!
 37613 | D:15     | Entered Level 15 of the Dungeon
 38064 | D:15     | Received a gift from Trog
 38205 | D:15     | Got an amethyst-encrusted scale mail
 38217 | D:15     | Identified the cursed +0 scale mail of Nacikh {Regen+} (You found it on level 15 of the Dungeon)
 38833 | D:15     | Found a staircase to the Depths.
 38874 | D:15     | Found Tebiq's General Store.
 40195 | Elf:1    | Reached XP level 19. HP: 175/195 MP: 21/21
 40219 | Elf:1    | Received a gift from Trog
 40554 | Elf:2    | Noticed Mulkerokala's ghost (powerful GrFi)
 40672 | Elf:2    | Killed Mulkerokala's ghost
 40692 | Elf:2    | Found a runed gate.
 40692 | Elf:2    | Found a runed gate.
 40692 | Elf:2    | Found a runed gate.
 41489 | Elf:3    | Entered Level 3 of the Elven Halls
 41492 | Elf:3    | Drew Focus: Str increased to 29, Int decreased to 8
 41493 | Elf:3    | Drew Focus: Str increased to 30, Int decreased to 7
 41702 | Elf:3    | Gained mutation: Scrolls take you a little longer to read. [evolution]
 41729 | Elf:3    | Received a gift from Trog
 42381 | Elf:3    | Gained mutation: You are weak. (Str -2) [a cacodemon]
 42448 | Elf:3    | Noticed igornogaf's ghost (mighty MiBe)
 42514 | Elf:3    | Killed igornogaf's ghost
 42768 | Elf:3    | Got a fine fire dragon armour
 42786 | Elf:3    | Identified the +8 fire dragon armour of Fortification {rElec rF++ rC- MP+9} (You took it off a deep elf blademaster on level 3 of the Elven Halls)
 42822 | Elf:3    | Received a gift from Trog
 43390 | Elf:3    | Got a crude plate armour
 43393 | Elf:3    | Identified the +10 plate armour of the Solstice {rPois MP-9 Str+4 Stlth+} (You found it on level 3 of the Elven Halls)
 43420 | Elf:3    | Got a clouded copper ring
 43994 | Lair:1   | Identified the ring "Ixkeo" {+Inv Stlth+} (You took it off a deep elf priest on level 3 of the Elven Halls)
 44218 | Vaults:1 | Entered Level 1 of the Vaults
 44491 | Vaults:1 | Received a gift from Trog
 44695 | Vaults:1 | Reached XP level 20. HP: 199/212 MP: 23/23
 45320 | Vaults:1 | Received a gift from Trog
 45700 | Vaults:1 | Gained mutation: You are robust (+10% HP). [potion of beneficial mutation]
 46007 | Vaults:2 | Found Daijiepn's Distillery.
 46663 | Vaults:2 | Received a gift from Trog
 46854 | Vaults:2 | Got an ancient lead ring
 46856 | Vaults:2 | Identified the ring of the King {*Contam rF+ Dex+7 SInv} (You found it on level 2 of the Vaults)
 47096 | Vaults:2 | Found a staircase to the Crypt.
 47526 | Vaults:3 | Reached skill level 15 in Armour
 47844 | Vaults:3 | Noticed Asterion
 47866 | Vaults:3 | Killed Asterion
 47885 | Vaults:3 | Noticed Aizul
 47934 | Vaults:3 | Killed Aizul
 47967 | Vaults:3 | Noticed Sojobo
 48002 | Vaults:3 | Killed Sojobo
 48059 | Vaults:3 | Received a gift from Trog
 48107 | Vaults:3 | Noticed Frederick
 48143 | Vaults:3 | Killed Frederick
 48143 | Vaults:3 | Reached XP level 21. HP: 231/246 MP: 24/24
 49077 | Vaults:4 | Received a gift from Trog
 49916 | Vaults:4 | Received a gift from Trog
 50577 | Vaults:5 | Entered Level 5 of the Vaults
 50770 | Vaults:5 | Reached XP level 22. HP: 216/256 MP: 25/25
 50803 | Vaults:5 | Received a gift from Trog
 50815 | Vaults:5 | Noticed an ancient lich
 50853 | Vaults:5 | Killed an ancient lich
 51043 | Vaults:5 | Noticed Mennas
 51064 | Vaults:5 | Reached skill level 15 in Evocations
 51134 | Vaults:5 | Killed Mennas
 51167 | Vaults:5 | Received a gift from Trog
 51434 | Vaults:5 | Reached skill level 10 in Dodging
 51441 | Vaults:5 | Gained mutation: You are very clumsy. (Dex -4) [mutagenic glow]
 51495 | Vaults:5 | Noticed an ancient lich
 51692 | Vaults:5 | Killed an ancient lich
 51793 | Vaults:5 | Received a gift from Trog
 51842 | Vaults:5 | Found Ackimic's Assorted Antiques.
 51846 | Vaults:5 | Got a brightly glowing war axe
 51849 | Vaults:5 | Identified the +9 war axe "Gihozuc" {drain, rN+ MR+ MP-9 Str+5} (You took it off a tengu reaver on level 5 of the Vaults)
 51871 | Vaults:5 | Got a blackened cloak
 51885 | Vaults:5 | Identified the cursed +0 cloak "Vaumn" {+Inv rCorr Str-2 Int+2} (You found it on level 5 of the Vaults)
 52009 | Vaults:5 | Got a silver rune of Zot
 52075 | Vaults:5 | Reached XP level 23. HP: 160/265 MP: 27/27
 52238 | Vaults:5 | Got a slimy great sword {flame}
 52268 | Vaults:5 | Identified the +9 great sword "Kanor" {flame, *Rage Int+10} (You took it off a vault warden on level 5 of the Vaults)
 52478 | Vaults:5 | Got a dazzling scimitar
 52481 | Vaults:5 | Identified the cursed +0 scimitar "Laczar" {freeze, +Inv rC+ Str+2 Dex-3} (You took it off a yaktaur on level 5 of the Vaults)
 53806 | Slime:1  | Entered Level 1 of the Pits of Slime
 54078 | Slime:1  | Lost mutation: Your mind is very acute. (Int +4) [a shining eye]
 54425 | Slime:2  | Gained mutation: You are very weak. (Str -4) [a shining eye]
 54429 | Slime:2  | Received a gift from Trog
 54444 | Slime:2  | Gained mutation: You tend to lose your temper in combat. [a shining eye]
 54932 | Slime:2  | Lost mutation: Your mind is acute. (Int +2) [a shining eye]
 55072 | Slime:2  | Gained mutation: Your body sometimes deteriorates upon taking damage. [a shining eye]
 55074 | Slime:2  | Gained mutation: Scrolls take you longer to read. [a shining eye]
 55403 | Slime:3  | Received a gift from Trog
 55404 | Slime:3  | Lost mutation: Scrolls take you longer to read. [a shining eye]
 55410 | Slime:3  | Gained mutation: Your body often deteriorates upon taking damage. [a shining eye]
 55451 | Slime:3  | Reached skill level 15 in Dodging
 55571 | Slime:3  | Reached skill level 1 in Spellcasting
 55920 | Slime:4  | Gained mutation: You are occasionally teleported to nearby monsters. [a shining eye]
 56154 | Slime:4  | Received a gift from Trog
 57232 | Slime:6  | Entered Level 6 of the Pits of Slime
 57402 | Slime:6  | Found a viscous altar of Jiyva.
 57407 | Slime:6  | Noticed the royal jelly
 57466 | Slime:6  | Killed the royal jelly
 57466 | Slime:6  | Reached XP level 24. HP: 223/271 MP: 27/27
 57535 | Slime:6  | Received a gift from Trog
 58050 | Slime:6  | Identified the Collected Works on Freezing Augmentations
 58057 | Slime:6  | Got an ancient bone ring
 58059 | Slime:6  | Identified the ring "Apsash" {+Fly Int+7} (You found it on level 6 of the Pits of Slime)
 58066 | Slime:6  | Identified Zekkidgh's Papyrus of Boosting Bewitchment
 58097 | Slime:6  | Got a crude broad axe
 58100 | Slime:6  | Identified the +6 broad axe of Yhages {chop, MR+} (You found it on level 6 of the Pits of Slime)
 58159 | Slime:6  | Got a transparent battleaxe
 58162 | Slime:6  | Identified the +5 battleaxe of Deflation {flame, rN+} (You found it on level 6 of the Pits of Slime)
 58202 | Slime:6  | Got a slimy rune of Zot
 58209 | Slime:6  | Got a smelly plate armour
 58233 | Slime:6  | Identified the cursed +1 plate armour of the End {rElec rN+ MP+9 Int+2} (You found it on level 6 of the Pits of Slime)
 58274 | Slime:6  | Got a faintly glowing spear
 58277 | Slime:6  | Identified the +3 spear "Ogrebane" {holy, rElec rPois Int-4} (You found it on level 6 of the Pits of Slime)
 59057 | Depths:1 | Entered Level 1 of the Depths
 59084 | Depths:1 | Reached skill level 21 in Armour
 59143 | Depths:1 | Found a shattered altar of Ashenzari.
 59376 | Depths:1 | Received a gift from Trog
 59577 | Depths:1 | Found a gateway to Hell.
 59769 | Depths:1 | Found a one-way gate leading to the halls of Pandemonium.
 60790 | Depths:2 | Identified the Incunabulum of Talismans and Poisoning (You found it on level 2 of the Depths)
 60950 | Depths:2 | Upgraded the game from 0.17-a0-1123-g6d3914c to 0.17-a0-1132-g5dd4065
 61004 | Depths:2 | Identified the Compendium of the Glacier
 61049 | Depths:2 | Found a one-way gate to the infinite horrors of the Abyss.
 61346 | Depths:2 | Got a crude broad axe
 61349 | Depths:2 | Identified the +7 broad axe of Taxation {holy, *Confuse rElec Dex+5} (You found it on level 2 of the Depths)
 61392 | Depths:2 | Voluntarily entered the Abyss.
 61400 | Abyss:1  | Found a corrupted altar of Lugonu.
 61460 | Abyss:1  | Found a corrupted altar of Lugonu.
 62371 | Abyss:3  | Reached XP level 25. HP: 179/284 MP: 16/26
 62465 | Abyss:3  | Gained mutation: Your spells are a little easier to cast, but a little less powerful. [a neqoxec]
 63613 | Abyss:3  | Lost mutation: You are robust (+10% HP). [a neqoxec]
 64153 | Abyss:3  | Found a corrupted altar of Lugonu.
 64721 | Abyss:3  | Received a gift from Trog
 64766 | Abyss:3  | Found a radiant altar of Vehumet.
 65158 | Abyss:3  | Reached skill level 22 in Fighting
 65478 | Abyss:3  | Reached XP level 26. HP: 122/279 MP: 17/17
 65530 | Abyss:3  | Got an abyssal rune of Zot
 66103 | Depths:2 | Escaped the Abyss
 66292 | Depths:2 | Got a ring of the Octopus King
 66294 | Depths:2 | Identified a ring of the Octopus King {rC+ AC+1 EV+1 Str+1 Int+1 Dex+1} (You found it on level 2 of the Depths)
 66505 | Depths:2 | Reached skill level 23 in Fighting
 68390 | Depths:4 | Reached skill level 24 in Fighting
 68635 | Depths:4 | Received a gift from Trog
 69070 | Depths:4 | Noticed the Enchantress
 69135 | Depths:4 | Killed the Enchantress
 69205 | Depths:4 | Got a faerie dragon armour
 69221 | Depths:4 | Identified the +0 faerie dragon armour {rC+ Stlth+} (You took it off the Enchantress on level 4 of the Depths)
 69319 | Depths:4 | Got a clouded lapis lazuli ring
 69321 | Depths:4 | Identified the ring of Jipeun {Fire Dex+3} (You found it on level 4 of the Depths)
 69328 | Depths:4 | Identified Further Progress in Theurgy
 69397 | Depths:4 | Got a translucent chain mail
 69408 | Depths:4 | Identified the cursed +0 chain mail of the Lotus Blossom {*Drain MR+ SInv} (You found it on level 4 of the Depths)
 69443 | Depths:4 | Gained mutation: Your magical capacity is low (-10% MP). [a cacodemon]
 69447 | Depths:4 | Gained mutation: You are frail (-10% HP). [a neqoxec]
 69460 | Depths:4 | Lost mutation: You tend to lose your temper in combat. [a cacodemon]
 69627 | Depths:4 | Found a gateway to a ziggurat.
 69627 | Depths:4 | Noticed an ancient lich
 69713 | Depths:4 | Killed an ancient lich
 69984 | Depths:4 | Reached XP level 27. HP: 267/267 MP: 20/20
 70072 | Depths:4 | Reached skill level 25 in Fighting
 70217 | Depths:4 | Received a gift from Trog
 71514 | Depths:4 | Got a steaming plate armour
 71517 | Depths:4 | Identified the cursed +0 plate armour of Hide-and-Seek {MR+ rCorr Int-4 Stlth+} (You found it on level 4 of the Depths)
 71738 | Depths:5 | Entered Level 5 of the Depths
 71857 | Depths:5 | Drew Focus: Str increased to 34, Int decreased to 8
 72074 | Depths:5 | Received a gift from Trog
 72493 | Depths:5 | Found a gate to the Realm of Zot.
 72990 | D:15     | Bought a potion of curing for 42 gold pieces
 73360 | Vaults:2 | Bought a potion of curing for 66 gold pieces
 73360 | Vaults:2 | Bought a potion of heal wounds for 110 gold pieces
 73360 | Vaults:2 | Bought a potion of heal wounds for 110 gold pieces
 73360 | Vaults:2 | Bought a potion of curing for 66 gold pieces
 73565 | D:11     | Bought a meat ration for 50 gold pieces
 73565 | D:11     | Bought 5 fruits for 75 gold pieces
 73565 | D:11     | Bought 3 fruits for 45 gold pieces
 73565 | D:11     | Bought a meat ration for 50 gold pieces
 73565 | D:11     | Bought a meat ration for 50 gold pieces
 73565 | D:11     | Bought a bread ration for 50 gold pieces
 73565 | D:11     | Bought a bread ration for 50 gold pieces
 73565 | D:11     | Bought a meat ration for 50 gold pieces
 73614 | D:10     | Bought a potion of curing for 36 gold pieces
 73614 | D:10     | Bought a potion of curing for 36 gold pieces
 73614 | D:10     | Bought a potion of heal wounds for 60 gold pieces
 73614 | D:10     | Bought a potion of ambrosia for 96 gold pieces
 73614 | D:10     | Bought a potion of heal wounds for 60 gold pieces
 73614 | D:10     | Bought a potion of cancellation for 96 gold pieces
 73769 | Orc:4    | Bought a scroll of enchant armour for 112 gold pieces
 73769 | Orc:4    | Bought a scroll of enchant armour for 112 gold pieces
 73848 | Orc:4    | Bought a bread ration for 70 gold pieces
 73848 | Orc:4    | Bought 2 fruits for 42 gold pieces
 73848 | Orc:4    | Bought 3 fruits for 63 gold pieces
 73848 | Orc:4    | Bought a meat ration for 70 gold pieces
 73848 | Orc:4    | Bought a bread ration for 70 gold pieces
 73848 | Orc:4    | Bought a bread ration for 70 gold pieces
 73848 | Orc:4    | Bought a meat ration for 70 gold pieces
 74151 | Shoals:3 | Bought a meat ration for 70 gold pieces
 74151 | Shoals:3 | Bought a meat ration for 70 gold pieces
 74151 | Shoals:3 | Bought a meat ration for 70 gold pieces
 74151 | Shoals:3 | Bought a meat ration for 70 gold pieces
 74151 | Shoals:3 | Bought a bread ration for 70 gold pieces
 74151 | Shoals:3 | Bought a bread ration for 70 gold pieces
 74151 | Shoals:3 | Bought a meat ration for 70 gold pieces
 74151 | Shoals:3 | Bought a meat ration for 70 gold pieces
 74189 | Shoals:3 | Bought a meat ration for 50 gold pieces
 74189 | Shoals:3 | Bought a meat ration for 50 gold pieces
 74189 | Shoals:3 | Bought a meat ration for 50 gold pieces
 74189 | Shoals:3 | Bought a bread ration for 50 gold pieces
 74189 | Shoals:3 | Bought 2 fruits for 30 gold pieces
 74696 | Vaults:2 | Bought a potion of haste for 220 gold pieces
 74696 | Vaults:2 | Bought a potion of cure mutation for 770 gold pieces
 74696 | Vaults:2 | Bought a potion of haste for 220 gold pieces
 74696 | Vaults:2 | Bought a potion of haste for 220 gold pieces
 75216 | Depths:2 | Voluntarily entered the Abyss.
 75218 | Abyss:1  | Noticed an ancient lich
 75272 | Abyss:1  | Killed an ancient lich
 75389 | Abyss:1  | Gained mutation: You tend to lose your temper in combat. [a neqoxec]
 75390 | Abyss:1  | Gained mutation: Armour fits poorly on your strangely shaped body. [a neqoxec]
 75440 | Depths:2 | Escaped the Abyss
 75900 | Lair:1   | Lost mutation: You are very clumsy. (Dex -4) [potion of cure mutation]
 75900 | Lair:1   | Lost mutation: Your magical capacity is low (-10% MP). [potion of cure mutation]
 75900 | Lair:1   | Lost mutation: Scrolls take you a little longer to read. [potion of cure mutation]
 75900 | Lair:1   | Lost mutation: You are resistant to hostile enchantments. [potion of cure mutation]
 75900 | Lair:1   | Lost mutation: Your spells are a little easier to cast, but a little less powerful. [potion of cure mutation]
 76407 | Depths:2 | Voluntarily entered the Abyss.
 76407 | Abyss:1  | Found a corrupted altar of Lugonu.
 76535 | Abyss:1  | Found a corrupted altar of Lugonu.
 76618 | Abyss:1  | Found a corrupted altar of Lugonu.
 76703 | Abyss:1  | Found an iron altar of Okawaru.
 76735 | Abyss:1  | Gained mutation: Your flesh is cold resistant. [evolution]
 76889 | Abyss:1  | Gained mutation: Your magical capacity is low (-10% MP). [a neqoxec]
 76932 | Abyss:1  | Received a gift from Trog
 76955 | Abyss:1  | Got a smoking war axe {god gift}
 77002 | Abyss:1  | Noticed an ancient lich
 77019 | Abyss:1  | Killed an ancient lich
 77545 | Abyss:2  | Found a corrupted altar of Lugonu.
 78389 | Abyss:2  | Identified the +9 war axe of Yvewkov {chop, rF- Dex+4 Stlth+} (Trog gifted it to you on level 1 of the Abyss)
 78497 | Abyss:2  | Received a gift from Trog
 78694 | Abyss:2  | Found a corrupted altar of Lugonu.
 78735 | Abyss:2  | Found a corrupted altar of Lugonu.
 78797 | Abyss:2  | Paralysed by accursed screaming for 1 turns
 79103 | Abyss:2  | Paralysed by accursed screaming for 1 turns
 79205 | Abyss:2  | Reached skill level 26 in Fighting
 79302 | Depths:2 | Escaped the Abyss
 79732 | Lair:1   | Received a gift from Trog
 80107 | Pan      | Entered Pandemonium
 80312 | Pan      | Gained mutation: You are dopey. (Int -2) [a cacodemon]
 80374 | Pan      | Found an exit through the horrors of the Abyss.
 80936 | Pan      | Drew Focus: Str increased to 35, Int decreased to 7
 81013 | Pan      | Lost mutation: You are frail (-10% HP). [potion of cure mutation]
 81013 | Pan      | Lost mutation: You are clumsy. (Dex -2) [potion of cure mutation]
 81013 | Pan      | Lost mutation: You tend to lose your temper in combat. [potion of cure mutation]
 81013 | Pan      | Lost mutation: Armour fits poorly on your strangely shaped body. [potion of cure mutation]
 81013 | Pan      | Lost mutation: Your body often deteriorates upon taking damage. [potion of cure mutation]
 81014 | Pan      | Lost mutation: You are dopey. (Int -2) [potion of cure mutation]
 81014 | Pan      | Lost mutation: Your body sometimes deteriorates upon taking damage. [potion of cure mutation]
 81014 | Pan      | Lost mutation: You are very weak. (Str -4) [potion of cure mutation]
 81014 | Pan      | Lost mutation: You evolve. [potion of cure mutation]
 81014 | Pan      | Lost mutation: You are partially covered in icy blue scales (AC +1). [potion of cure mutation]
 81014 | Pan      | Lost mutation: Your magical capacity is low (-10% MP). [potion of cure mutation]
 81045 | Pan      | Noticed Caody the pandemonium lord
 81059 | Pan      | Killed Caody the pandemonium lord
 81091 | Pan      | Gained mutation: You are very weak. (Str -4) [mutagenic glow]
 81163 | Pan      | Found an exit through the horrors of the Abyss.
 82063 | Pan      | Noticed Wofywid the pandemonium lord
 82082 | Pan      | Killed Wofywid the pandemonium lord
 82211 | Pan      | Found an exit through the horrors of the Abyss.
 82823 | Pan      | Received a gift from Trog
 83448 | Pan      | Lost mutation: Your flesh is cold resistant. [a cacodemon]
 83538 | Pan      | Found an exit through the horrors of the Abyss.
 83550 | Pan      | Noticed Petofevo the pandemonium lord
 83567 | Pan      | Cast into the Abyss (Petofevo)
 83686 | Pan      | Escaped the Abyss
 83804 | Pan      | Lost mutation: You are very weak. (Str -4) [potion of cure mutation]
 83804 | Pan      | Lost mutation: You expend magic power (3 MP) to strengthen your wands. [potion of cure mutation]
 83804 | Pan      | Lost mutation: You are weak. (Str -2) [potion of cure mutation]
 83804 | Pan      | Lost mutation: You are occasionally teleported to nearby monsters. [potion of cure mutation]
 83804 | Pan      | Lost mutation: You are partially covered in rugged brown scales (AC +1, +3% HP). [potion of cure mutation]
 84136 | Pan      | Gained mutation: You are frail (-10% HP). [a neqoxec]
 84143 | Pan      | Gained mutation: Scrolls take you a little longer to read. [a neqoxec]
 84237 | Pan      | Killed Petofevo the pandemonium lord
 84510 | Pan      | Found a runed door.
 84561 | Pan      | Received a gift from Trog
 84585 | Pan      | Gained mutation: Your body sometimes deteriorates upon taking damage. [a neqoxec]
 84645 | Pan      | Noticed Ruagenla the pandemonium lord
 84655 | Pan      | Killed Ruagenla the pandemonium lord
 85011 | Pan      | Found an exit through the horrors of the Abyss.
 85329 | Pan      | Got a heavily runed shield
 85332 | Pan      | Identified the +5 shield of Quantum Leap {rPois Str+3 Stlth+} (You found it in Pandemonium)
 85466 | Pan      | HP: 18/399 [daeva/divine providence (5)]
 85538 | Pan      | Found a glowing silver altar of Zin.
 85677 | Pan      | Reached skill level 27 in Fighting
 86001 | Pan      | Noticed a seraph
 86026 | Pan      | Killed a seraph
 86080 | Pan      | Found a glowing golden altar of the Shining One.
 86128 | Pan      | Got a demonic rune of Zot
 86136 | Pan      | Got a faintly humming ice dragon armour
 86139 | Pan      | Got a flickering steel ring
 86148 | Pan      | Identified the cursed +1 ice dragon armour of Unambiguity {+Inv rF- rC++} (You found it in Pandemonium)
 86150 | Pan      | Identified the ring "Miqagar" {+Fly rF- MP+9 EV+5 Int+2} (You found it in Pandemonium)
 86194 | Pan      | Gained mutation: You are weak. (Str -2) [mutagenic glow]
 86535 | Pan      | Found a white marble altar of Elyvilon.
 86907 | Pan      | Noticed Tarhao the pandemonium lord
 86910 | Pan      | Gained mutation: You are clumsy. (Dex -2) [a neqoxec]
 86921 | Pan      | Killed Tarhao the pandemonium lord
 86922 | Pan      | Reached skill level 27 in Axes
 86958 | Pan      | Received a gift from Trog
 86961 | Pan      | Found an exit through the horrors of the Abyss.
 87037 | Pan      | Gained mutation: You evolve. [a neqoxec]
 87099 | Pan      | Gained mutation: You occasionally shout uncontrollably at your foes. [a neqoxec]
 87132 | Pan      | Lost mutation: You are weak. (Str -2) [potion of cure mutation]
 87132 | Pan      | Lost mutation: Your body sometimes deteriorates upon taking damage. [potion of cure mutation]
 87132 | Pan      | Lost mutation: You evolve. [potion of cure mutation]
 87132 | Pan      | Lost mutation: Scrolls take you a little longer to read. [potion of cure mutation]
 87132 | Pan      | Lost mutation: You are frail (-10% HP). [potion of cure mutation]
 87829 | Pan      | Noticed Pufiam the pandemonium lord
 87840 | Pan      | Killed Pufiam the pandemonium lord
 88478 | Pan      | Received a gift from Trog
 88480 | Pan      | Found an exit through the horrors of the Abyss.
 89226 | Pan      | Found an exit through the horrors of the Abyss.
 89427 | Pan      | Noticed Memihal the pandemonium lord
 89442 | Pan      | Killed Memihal the pandemonium lord
 89722 | Pan      | Noticed Sasyckot the pandemonium lord
 89736 | Pan      | Killed Sasyckot the pandemonium lord
 89944 | Pan      | Received a gift from Trog
 90140 | Pan      | Found an exit through the horrors of the Abyss.
 90670 | Pan      | Noticed Leihash the pandemonium lord
 90678 | Pan      | Killed Leihash the pandemonium lord
 90757 | Pan      | Found an exit through the horrors of the Abyss.
 90877 | Pan      | Gained mutation: You expend magic power (3 MP) to strengthen your wands. [a neqoxec]
 90878 | Pan      | Gained mutation: You are dopey. (Int -2) [a neqoxec]
 91275 | Pan      | Received a gift from Trog
 91368 | Pan      | Noticed Kogynwil the pandemonium lord
 91370 | Pan      | Gained mutation: You sometimes yell uncontrollably at your foes. [a neqoxec]
 91398 | Pan      | Killed Kogynwil the pandemonium lord
 91449 | Pan      | Found an exit through the horrors of the Abyss.
 91472 | Pan      | Noticed Cituod the pandemonium lord
 91479 | Pan      | Killed Cituod the pandemonium lord
 91619 | Pan      | Lost mutation: You are clumsy. (Dex -2) [potion of cure mutation]
 91619 | Pan      | Lost mutation: You expend magic power (3 MP) to strengthen your wands. [potion of cure mutation]
 91619 | Pan      | Lost mutation: You sometimes yell uncontrollably at your foes. [potion of cure mutation]
 91619 | Pan      | Lost mutation: You occasionally shout uncontrollably at your foes. [potion of cure mutation]
 91672 | Pan      | Noticed Acwezo the pandemonium lord
 91681 | Pan      | Killed Acwezo the pandemonium lord
 91705 | Pan      | Entered the realm of Lom Lobon.
 92055 | Pan      | Noticed Lom Lobon
 92076 | Pan      | Killed Lom Lobon
 92174 | Pan      | Got a magical rune of Zot
 92175 | Pan      | bb
 92565 | Pan      | Found an exit through the horrors of the Abyss.
 93074 | Pan      | Noticed Kyroketa the pandemonium lord
 93082 | Pan      | Killed Kyroketa the pandemonium lord
 93287 | Pan      | Received a gift from Trog
 93293 | Pan      | Gained mutation: You are very dopey. (Int -4) [a cacodemon]
 93400 | Pan      | Found an exit through the horrors of the Abyss.
 93761 | Pan      | Found an exit through the horrors of the Abyss.
 94088 | Pan      | Noticed Igreep Cime the pandemonium lord
 94183 | Pan      | Gained mutation: You expend magic power (3 MP) to strengthen your wands. [a neqoxec]
 94191 | Pan      | Gained mutation: You tend to lose your temper in combat. [a neqoxec]
 94254 | Pan      | Noticed Ecra the pandemonium lord
 94263 | Pan      | Killed Ecra the pandemonium lord
 94283 | Pan      | Gained mutation: Armour fits poorly on your strangely shaped body. [a neqoxec]
 94284 | Pan      | Gained mutation: Scrolls take you a little longer to read. [a neqoxec]
 94287 | Pan      | Gained mutation: You are weak. (Str -2) [a neqoxec]
 94402 | Pan      | Found an exit through the horrors of the Abyss.
 94714 | Pan      | Found an exit through the horrors of the Abyss.
 94874 | Pan      | Noticed Izeeraqu the pandemonium lord
 94898 | Pan      | Received a gift from Trog
 94908 | Pan      | Killed Izeeraqu the pandemonium lord
 94974 | Pan      | Noticed Qoleowit the pandemonium lord
 95010 | Pan      | Killed Qoleowit the pandemonium lord
 95077 | Pan      | Found an exit through the horrors of the Abyss.
 95885 | Pan      | Received a gift from Trog
 96112 | Pan      | Noticed Boetwaish the pandemonium lord
 96129 | Pan      | Killed Boetwaish the pandemonium lord
 96208 | Pan      | Noticed Mukeh the pandemonium lord
 96230 | Pan      | Lost mutation: Scrolls take you a little longer to read. [a cacodemon]
 96231 | Pan      | Gained mutation: You occasionally shout uncontrollably at your foes. [a cacodemon]
 96240 | Pan      | Killed Mukeh the pandemonium lord
 96260 | Pan      | Found an exit through the horrors of the Abyss.
 96401 | Pan      | Got an iridescent hand crossbow
 96402 | Pan      | Identified the +10 hand crossbow of Yjotuat {flame, *Confuse MR+ Str+4 Dex+3} (You found it in Pandemonium)
 96731 | Pan      | Found a burning altar of Makhleb.
 96956 | Pan      | Found an exit through the horrors of the Abyss.
 97156 | Pan      | Received a gift from Trog
 97520 | Pan      | Noticed Rikiz the pandemonium lord
 97543 | Pan      | Gained mutation: You are frail (-10% HP). [a shining eye]
 97545 | Pan      | Killed Rikiz the pandemonium lord
 97545 | Pan      | Reached skill level 27 in Armour
 97595 | Pan      | Got a sapphire quarterstaff
 97596 | Pan      | Identified the cursed +1 quarterstaff of Righteous Fury {drain, Int+5} (You found it in Pandemonium)
 97635 | Pan      | Found an exit through the horrors of the Abyss.
 97774 | Pan      | Reached skill level 27 in Dodging
 97963 | Pan      | Entered the realm of Gloorx Vloq.
 98308 | Pan      | Lost mutation: You tend to lose your temper in combat. [potion of cure mutation]
 98308 | Pan      | Lost mutation: You are very dopey. (Int -4) [potion of cure mutation]
 98308 | Pan      | Lost mutation: You are dopey. (Int -2) [potion of cure mutation]
 98308 | Pan      | Lost mutation: You expend magic power (3 MP) to strengthen your wands. [potion of cure mutation]
 98308 | Pan      | Lost mutation: You are weak. (Str -2) [potion of cure mutation]
 98308 | Pan      | Lost mutation: You occasionally shout uncontrollably at your foes. [potion of cure mutation]
 98309 | Pan      | Noticed Gloorx Vloq
 98318 | Pan      | Killed Gloorx Vloq
 98381 | Pan      | Got a dark rune of Zot
 98932 | Pan      | Found an exit through the horrors of the Abyss.
 99117 | Pan      | Entered the realm of Mnoleg.
 99125 | Pan      | Found an exit through the horrors of the Abyss.
 99186 | Pan      | Noticed Ignacio
 99194 | Pan      | Killed Ignacio
 99199 | Pan      | Gained mutation: Scrolls take you a little longer to read. [a cacodemon]
 99264 | Pan      | Gained mutation: You are weak. (Str -2) [a neqoxec]
 99315 | Pan      | Found an ancient bone altar of Kikubaaqudgha.
 99503 | Pan      | Gained mutation: You evolve. [a neqoxec]
 99608 | Pan      | Gained mutation: Your body sometimes deteriorates upon taking damage. [a neqoxec]
 99608 | Pan      | Paralysed by a giant eyeball for 3 turns
 99611 | Pan      | Gained mutation: You are very frail (-20% HP). [a neqoxec]
 99630 | Pan      | Gained mutation: You are dopey. (Int -2) [a shining eye]
 99750 | Pan      | Gained mutation: Your spells are a little easier to cast, but a little less powerful. [a cacodemon]
 99867 | Pan      | Received a gift from Trog
 99932 | Pan      | Gained mutation: You occasionally shout uncontrollably at your foes. [a neqoxec]
100071 | Pan      | Gained mutation: You are very weak. (Str -4) [a cacodemon]
100088 | Pan      | Noticed Mnoleg
100108 | Pan      | Killed Mnoleg
100117 | Pan      | Gained mutation: You tend to lose your temper in combat. [a cacodemon]
100123 | Pan      | Gained mutation: Your body often deteriorates upon taking damage. [a cacodemon]
100126 | Pan      | Gained mutation: Scrolls take you longer to read. [a cacodemon]
100221 | Pan      | Got a glowing rune of Zot
100262 | Pan      | Gained mutation: You sometimes yell uncontrollably at your foes. [a cacodemon]
100313 | Pan      | Entered the realm of Cerebov.
100427 | Pan      | Found an exit through the horrors of the Abyss.
100607 | Pan      | Got a pitted copper ring
100845 | Pan      | Received a gift from Trog
100880 | Pan      | Noticed Cerebov
100901 | Pan      | Killed Cerebov
100928 | Pan      | Got a fiery rune of Zot
101012 | Pan      | Got a crude plate armour
101015 | Pan      | Identified the +1 plate armour of Autotheism {*Confuse Regen+ Str+3 Slay+4} (You found it in Pandemonium)
101099 | Pan      | Identified the ring "Vuecs" {*Confuse rElec Str+3 Int+6 Dex+3} (You took it off a balrug in Pandemonium)
101124 | Pan      | Got an iridescent falchion
101127 | Pan      | Identified the cursed +0 falchion of the Fifty Places {vamp, rN+ Str+7} (You found it in Pandemonium)
101172 | Pan      | Got a brightly glowing leather armour
101175 | Pan      | Identified the +1 leather armour "Reulub" {MP+9 Str-5 Dex+3} (You found it in Pandemonium)
101307 | Pan      | Received a gift from Trog
101576 | Pan      | Noticed Ymuyzois the pandemonium lord
101587 | Pan      | Killed Ymuyzois the pandemonium lord
101593 | Pan      | Found an exit through the horrors of the Abyss.
102076 | Depths:1 | Escaped Pandemonium
102255 | Zot:1    | Entered Level 1 of the Realm of Zot
102255 | Zot:1    | Noticed an ancient lich
102446 | Depths:5 | Killed an ancient lich
102638 | Zot:1    | Noticed an ancient lich
102659 | Zot:1    | Killed an ancient lich
103435 | Zot:2    | Got a translucent war axe
103855 | Zot:2    | Received a gift from Trog
103916 | Zot:2    | Identified the +6 war axe of the Oracle {drain, rElec rC+ Dex-2} (You found it on level 2 of the Realm of Zot)
104958 | Zot:4    | Reached skill level 27 in Shields
104969 | Zot:4    | Got a pitted long sword
105462 | Zot:4    | Noticed an orb of fire
105491 | Zot:4    | Killed an orb of fire
105694 | Zot:4    | Identified the +7 long sword "Dwarf's Bane" {flame, rElec} (You found it on level 4 of the Realm of Zot)
105944 | Zot:5    | Entered Level 5 of the Realm of Zot
106032 | Zot:5    | Received a gift from Trog
106116 | Zot:5    | Noticed an orb of fire
106128 | Zot:5    | Killed an orb of fire
106654 | Zot:5    | Noticed an ancient lich
106654 | Zot:5    | Noticed an orb of fire
106660 | Zot:5    | Gained mutation: You are clumsy. (Dex -2) [an orb of fire]
106660 | Zot:5    | Noticed an ancient lich
106667 | Zot:5    | Gained mutation: You expend magic power (3 MP) to strengthen your wands. [an orb of fire]
106680 | Zot:5    | Noticed an orb of fire
106684 | Zot:5    | Noticed an orb of fire
106699 | Zot:5    | Gained mutation: You are very clumsy. (Dex -4) [an orb of fire]
106722 | Zot:5    | Killed an orb of fire
106723 | Zot:5    | Killed an orb of fire
106868 | Zot:5    | Killed an ancient lich
106873 | Zot:5    | Killed an ancient lich
106993 | Zot:5    | Gained mutation: Your magical capacity is low (-10% MP). [an orb of fire]
106995 | Zot:5    | Gained mutation: Your magical capacity is very low (-20% MP). [an orb of fire]
107009 | Zot:5    | Gained mutation: Your magical capacity is extremely low (-30% MP). [an orb of fire]
107015 | Zot:5    | Killed an orb of fire
107015 | Zot:5    | Reached skill level 27 in Evocations
107162 | Zot:4    | Reached skill level 5 in Stealth
107872 | Crypt:1  | Entered Level 1 of the Crypt
107938 | Crypt:1  | Received a gift from Trog
108116 | Crypt:1  | Reached skill level 10 in Stealth
108469 | Crypt:2  | Noticed Xtahua
108483 | Crypt:2  | Killed Xtahua
108601 | Crypt:2  | Got a translucent cloak
108924 | Crypt:3  | Entered Level 3 of the Crypt
109217 | Crypt:3  | Noticed Mara
109220 | Crypt:3  | Noticed HeyJoe's illusion
109263 | Crypt:3  | Killed Mara
109422 | Crypt:3  | Reached skill level 15 in Stealth
109606 | Crypt:3  | Found an ancient bone altar of Kikubaaqudgha.
109607 | Crypt:3  | Noticed an ancient lich
109612 | Crypt:3  | Killed an ancient lich
109664 | Crypt:3  | Identified Ralusownu's Papyrus of Hurtful Toxins (You found it on level 3 of the Crypt)
109842 | Crypt:3  | Found a staircase to the Tomb.
110161 | Tomb:1   | Entered Level 1 of the Tomb of the Ancients
110470 | Tomb:1   | Received a gift from Trog
111442 | Depths:4 | Lost mutation: Your spells are a little easier to cast, but a little less powerful. [potion of cure mutation]
111442 | Depths:4 | Lost mutation: Armour fits poorly on your strangely shaped body. [potion of cure mutation]
111442 | Depths:4 | Lost mutation: Scrolls take you longer to read. [potion of cure mutation]
111442 | Depths:4 | Lost mutation: You are very weak. (Str -4) [potion of cure mutation]
111442 | Depths:4 | Lost mutation: You evolve. [potion of cure mutation]
111443 | Depths:4 | Lost mutation: You are very frail (-20% HP). [potion of cure mutation]
111443 | Depths:4 | Lost mutation: Your body often deteriorates upon taking damage. [potion of cure mutation]
111443 | Depths:4 | Lost mutation: You tend to lose your temper in combat. [potion of cure mutation]
111443 | Depths:4 | Lost mutation: You are weak. (Str -2) [potion of cure mutation]
111443 | Depths:4 | Lost mutation: Your magical capacity is extremely low (-30% MP). [potion of cure mutation]
111444 | Depths:4 | Lost mutation: You are frail (-10% HP). [potion of cure mutation]
111444 | Depths:4 | Lost mutation: You sometimes yell uncontrollably at your foes. [potion of cure mutation]
111444 | Depths:4 | Lost mutation: You are dopey. (Int -2) [potion of cure mutation]
111444 | Depths:4 | Lost mutation: Your magical capacity is very low (-20% MP). [potion of cure mutation]
111444 | Depths:4 | Lost mutation: Scrolls take you a little longer to read. [potion of cure mutation]
111444 | Depths:4 | Lost mutation: You are very clumsy. (Dex -4) [potion of cure mutation]
111445 | Depths:4 | Lost mutation: You are clumsy. (Dex -2) [potion of cure mutation]
111445 | Depths:4 | Lost mutation: Your body sometimes deteriorates upon taking damage. [potion of cure mutation]
111445 | Depths:4 | Lost mutation: You occasionally shout uncontrollably at your foes. [potion of cure mutation]
111445 | Depths:4 | Lost mutation: Your magical capacity is low (-10% MP). [potion of cure mutation]
111446 | Depths:4 | Lost mutation: You expend magic power (3 MP) to strengthen your wands. [potion of cure mutation]
111538 | Zig:1    | Entered Level 1 of a ziggurat
111560 | Zig:1    | Identified the cursed -5 cloak of Imperfection {MP+9} (You found it on level 2 of the Crypt)
111565 | Zig:2    | Entered Level 2 of a ziggurat
111606 | Zig:3    | Entered Level 3 of a ziggurat
111652 | Zig:4    | Entered Level 4 of a ziggurat
111692 | Zig:5    | Entered Level 5 of a ziggurat
111739 | Zig:6    | Entered Level 6 of a ziggurat
111779 | Zig:6    | Got a scorched wooden ring
111783 | Zig:6    | Identified the ring "Urify" {rF+ rC+} (You found it on level 6 of a ziggurat)
111801 | Zig:7    | Entered Level 7 of a ziggurat
111806 | Zig:7    | Noticed an orb of fire
111808 | Zig:7    | Gained mutation: You tend to lose your temper in combat. [an orb of fire]
111809 | Zig:7    | Noticed an orb of fire
111814 | Zig:7    | Gained mutation: You expend magic power (3 MP) to strengthen your wands. [an orb of fire]
111816 | Zig:7    | Gained mutation: You often lose your temper in combat. [an orb of fire]
111824 | Zig:7    | Killed an orb of fire
111836 | Zig:7    | Killed an orb of fire
111867 | Zig:8    | Entered Level 8 of a ziggurat
111957 | Zig:9    | Entered Level 9 of a ziggurat
111982 | Zig:9    | Received a gift from Trog
112094 | Zig:10   | Entered Level 10 of a ziggurat
112500 | Zig:11   | Entered Level 11 of a ziggurat
112607 | Zig:11   | Got a sparkling jade ring
112608 | Zig:11   | Identified the ring of the Messenger {+cTele SInv} (You found it on level 11 of a ziggurat)
112612 | Zig:12   | Entered Level 12 of a ziggurat
112640 | Zig:12   | HP: 12/294 [??? (3)]
112644 | Zig:12   | Got a slimy iron ring
112646 | Zig:12   | Got a pair of jewelled gloves
112647 | Zig:12   | HP: 10/298 [mummy priest/divine providence (7)]
112656 | Zig:13   | Entered Level 13 of a ziggurat
112672 | Zig:13   | Noticed an ancient lich
112681 | Zig:13   | Noticed an ancient lich
112687 | Zig:13   | Killed an ancient lich
112702 | Zig:13   | Killed an ancient lich
112713 | Zig:13   | Received a gift from Trog
113232 | Zig:13   | Identified the Volume of Attacks and Beguiling (You found it on level 13 of a ziggurat)
113246 | Zig:13   | Got a warped scythe
113253 | Zig:13   | Identified the ring of Midsummer {Wiz rPois} (You found it on level 12 of a ziggurat)
113259 | Zig:13   | Got a scorched halberd
113266 | Zig:13   | Identified the +3 scythe of Dudaan {slice, rPois} (You found it on level 13 of a ziggurat)
113267 | Zig:13   | Identified the +9 halberd "Bochu" {elec, *Drain Str+3 Dex+6} (You found it on level 13 of a ziggurat)
113452 | Zig:13   | Identified the +2 pair of gloves "Fomoyc" {*Drain rElec rC+ Regen+} (You found it on level 12 of a ziggurat)
113494 | Zig:13   | Gained mutation: Your body sometimes deteriorates upon taking damage. [mutagenic glow]
114266 | Zig:13   | Got a dazzling hand crossbow
114268 | Zig:13   | Got a jewelled scimitar
114270 | Zig:13   | Identified the +4 scimitar "Jelly's Death" {freeze, MP+9 Dex+5} (You found it on level 13 of a ziggurat)
114271 | Zig:13   | Identified the +3 hand crossbow of Misery {penet, +Fly rF+++ rN+ Str-5} (You found it on level 13 of a ziggurat)
114275 | Zig:13   | Lost mutation: Your body sometimes deteriorates upon taking damage. [potion of cure mutation]
114275 | Zig:13   | Lost mutation: You often lose your temper in combat. [potion of cure mutation]
114275 | Zig:13   | Lost mutation: You expend magic power (3 MP) to strengthen your wands. [potion of cure mutation]
114275 | Zig:13   | Lost mutation: You tend to lose your temper in combat. [potion of cure mutation]
114276 | Zig:13   | Gained mutation: You can breathe flames. [potion of beneficial mutation]
114281 | Zig:14   | Entered Level 14 of a ziggurat
114417 | Zig:14   | Identified the Grimoire of Clay (You found it on level 14 of a ziggurat)
114427 | Zig:14   | Identified the Handbook of Arcane Weapons (You found it on level 14 of a ziggurat)
114446 | Zig:14   | Identified a +0 pair of boots of running (You found it on level 14 of a ziggurat)
114657 | Zig:14   | Received a gift from Trog
114736 | Zig:15   | Entered Level 15 of a ziggurat
114766 | Zig:15   | Noticed Metesiun the pandemonium lord
114793 | Zig:15   | Killed Metesiun the pandemonium lord
114807 | Zig:15   | Got a flickering ivory ring
115134 | Zig:15   | Identified the ring "Kioxzuga" {Ice rN+} (You found it on level 15 of a ziggurat)
115321 | Zig:16   | Entered Level 16 of a ziggurat
115332 | Zig:16   | Received a gift from Trog
115391 | Zig:16   | Identified the Grimoire of Lightness and Attacks (You found it on level 16 of a ziggurat)
115400 | Zig:16   | Got a warped fire dragon armour
115497 | Zig:17   | Entered Level 17 of a ziggurat
115506 | Zig:17   | Noticed an ancient lich
115522 | Zig:17   | Killed an ancient lich
115619 | Zig:17   | Identified the Grimoire of Creative Self-Knowledge (You found it on level 17 of a ziggurat)
115627 | Zig:17   | Got a glittering iron ring
115629 | Zig:17   | Identified the ring "Ynicoep" {rF+ Int+6} (You found it on level 17 of a ziggurat)
115655 | Zig:17   | Identified the Grimoire of Augmentations (You found it on level 17 of a ziggurat)
115662 | Zig:17   | Got a shimmering platinum ring
115664 | Zig:17   | Got a distressingly furry scale mail
115667 | Zig:17   | Got a scorched long sword
115668 | Zig:17   | Identified the +2 long sword of Quogeug {freeze, Int+3} (You found it on level 17 of a ziggurat)
115681 | Zig:17   | Identified the +6 fire dragon armour "Cybor" {+Fly rElec rF++ rC- rN+ MR+ Dex-3} (You found it on level 16 of a ziggurat)
115703 | Zig:18   | Entered Level 18 of a ziggurat
115729 | Zig:18   | Noticed Xeeschoowe the pandemonium lord
115731 | Zig:18   | Noticed Foichiah the pandemonium lord
115732 | Zig:18   | Noticed Pioj the pandemonium lord
115732 | Zig:18   | Noticed Bagol the pandemonium lord
115733 | Zig:18   | Noticed Owkaobiel the pandemonium lord
115735 | Zig:18   | Noticed Fitic the pandemonium lord
115737 | Zig:18   | Noticed Ucaoq the pandemonium lord
115737 | Zig:18   | Noticed Qeddevas the pandemonium lord
115737 | Zig:18   | Noticed Nidgh the pandemonium lord
115739 | Zig:18   | Killed Xeeschoowe the pandemonium lord
115739 | Zig:18   | Reached skill level 27 in Stealth
115739 | Zig:18   | Reached skill level 1 in Throwing
115745 | Zig:18   | Killed Foichiah the pandemonium lord
115750 | Zig:18   | Killed Owkaobiel the pandemonium lord
115753 | Zig:18   | Killed Pioj the pandemonium lord
115753 | Zig:18   | Reached skill level 5 in Throwing
115762 | Zig:18   | Killed Nidgh the pandemonium lord
115768 | Zig:18   | Killed Qeddevas the pandemonium lord
115769 | Zig:18   | Killed Fitic the pandemonium lord
115779 | Zig:18   | Paralysed by a giant eyeball for 4 turns
115788 | Zig:18   | Paralysed by a giant eyeball for 2 turns
115811 | Zig:18   | Killed Ucaoq the pandemonium lord
115818 | Zig:18   | Killed Bagol the pandemonium lord
116023 | Zig:18   | Was placed under penance by Trog
116025 | Zig:18   | Learned a level 1 spell: Animate Skeleton
116034 | Zig:18   | Got a pair of transparent boots
116035 | Zig:18   | Identified the cursed +0 pair of boots of Amiwiwk {rF++ Regen+} (You found it on level 18 of a ziggurat)
116037 | Zig:18   | Got a steaming copper ring
116039 | Zig:18   | Identified the ring of Kaoroex {rElec EV+1 Int+3 SInv} (You found it on level 17 of a ziggurat)
116419 | Zot:5    | Got the Orb of Zot
116460 | Zot:5    | Noticed Nefib the pandemonium lord
116510 | Zot:4    | Gained mutation: Your spells are a little harder to cast, but a little more powerful. [a cacodemon]
116547 | Zot:4    | Noticed Awnaf the pandemonium lord
116554 | Zot:4    | Noticed a seraph
116585 | Zot:3    | Noticed a seraph
116984 | D:15     | Noticed Fuw Kuve the pandemonium lord
116998 | D:15     | Killed Fuw Kuve the pandemonium lord
116998 | D:15     | Reached skill level 10 in Throwing
117009 | D:15     | Noticed Ejaxat the pandemonium lord
117205 | D:13     | Was forgiven by Trog
117492 | D:$      | Escaped with the Orb!

Vault maps used:
D:1:      dpeg_arrival_boxes_within_box
D:2:      grunt_temple_overflow_open, kennysheep_generic_room_8
D:3:      uniq_natasha, uniq_terence, uniq_iyjb
D:4:      overflow_temple_1_default, serial_glass, glass_columns_b,
          glass_columns_a, first_bread
D:5:      nicolae_overflow_quartered_altars, uniq_grinder
D:6:      lemuel_doored_altar, serial_shops, nicolae_shop_behind_doors,
          portal_sewer_entry_f, minivault_23, minmay_misc_feat_tiny
D:7:      fedhas_altar_1, lemuel_temple_firewalk_marked
D:8:      serial_glass, glass_columns_a, glass_columns_a
D:9:      lair_0_dummy, basic_altar
D:10:     serial_shops, kennysheep_mini, blue_anna_alchemist
D:11:     erik_orc_1, serial_shops, shop, uniq_fannar
D:12:     kennysheep_six_static_rooms, nemelex_altar_shiori, uniq_sonja
D:13:     david_vaults_5, portal_ice_cave_entry_ice_statue_01,
          corexii_mini_fake_secret_closet
D:14:     dk_noncrumbling_4, st_stairs_8
D:15:     gammafunk_enter_depths_forms, serial_shops, shop
Temple:   temple_eino_lava_8
Lair:1:   beast_lair_carwin_large_3, st_stairs_3, grunt_megastairs_2,
          serial_bayou_shore_b, serial_bayou_shore_b, lemuel_fruit_tree,
          infiniplex_staircase_pool, serial_bayou_shore_b, uniq_harold
Lair:2:   lab_entry_generic
Lair:3:   elwin_shoals_entry_rooms
Lair:4:   minmay_snake_entry_guardpost_large, roderic_batcave
Lair:7:   ice2_lemuel
Lair:8:   evilmike_catoblepas_cave, slime_altar_1, disabler_island
Shoals:2: uniq_jorgrun
Shoals:3: serial_shops, shop, nicolae_shop_stone, shop_fountains, shop, shop
Shoals:4: shoals_end_simple, shoals_ilsuiw_alternative,
          nicolae_shoals_hunting_party
Snake:1:  basic_altar, hangedman_snake_corridor_split, uniq_louise
Snake:2:  hangedman_snake_thin_pillar_pass
Snake:4:  snake_pit_salamanders_mu
Slime:1:  cheibrodos_slime_lost_civilization_2
Slime:2:  nicolae_slime_round_cave
Orc:1:    uniq_urug, uniq_snorg
Orc:3:    orc_temple, nicolae_orc_pool_cavern
Orc:4:    grunt_orc_community_town_hall, grunt_orc_community_big_house_1,
          grunt_orc_community_big_house_1, grunt_orc_community_house_2,
          grunt_orc_community_house_2, grunt_orc_community_house_2,
          grunt_orc_community_house_2, grunt_orc_community_house_1, basic_altar,
          uniq_maud
Elf:1:    eino_elf_arrival_sip, evilmike_minifort
Elf:2:    glass_columns_c
Elf:3:    elf_hall_gauntlet_wide
Vaults:1: nicolae_vaults_three_branches, ontoclasm_vaults_decontamination,
          v_alt_pattern_3, v_pattern_1, nicolae_vaults_shelves_hall,
          hangedman_vaults_stitches, v_misc_12, v_misc_27, v_misc_23, v_misc_29,
          v_alt_pattern_1, vaults_dpeg_encased_lava
Vaults:2: grunt_vaults_hallway_long, v_misc_30,
          nicolae_vaults_mini_display_case, blue_anna_dwarven_crypt,
          ontoclasm_vaults_fault, nicolae_vaults_little_squares_6, v_pattern_2,
          nicolae_vaults_ring_of_whatevers, stair_cage_open, serial_shops, shop
Vaults:3: nicolae_vaults_circle_grid_a, nicolae_vaults_hallways_thing,
          ontoclasm_vaults_ring_square, v_misc_11, vaults_dpeg_cross,
          vaults_room_pools, v_misc_26, v_misc_25, hangedman_vaults_snaps,
          ontoclasm_vaults_twist, hangedman_vaults_pinch, st_lines,
          grunt_vaults_twisty, vaults_room_semicircle, grunt_vaults_diagonal,
          uniq_sojobo, uniq_frederick, uniq_asterion, uniq_aizul
Vaults:4: vaults_dpeg_doors, vaults_room_grid, v_misc_29,
          nicolae_vaults_octagons, ontoclasm_vaults_ring_square,
          nicolae_vaults_windows_and_doors_thing, hangedman_vaults_maws,
          nicolae_vaults_theta, v_rooms_6, ontoclasm_vaults_shuriken,
          vaults_room_corners, nicolae_vaults_little_squares_2,
          nicolae_vaults_yaktaur_gun_rack, vaults_room_stairs_pillars,
          nicolae_vaults_shelves_hall
Vaults:5: uniq_mennas
Crypt:1:  grunt_ministairs_6
Crypt:2:  uniq_xtahua
Crypt:3:  cryptofortress_bobbens, uniq_mara
Depths:1: kennysheep_cross_bottleneck, pan_entry, hell_entry,
          evilmike_ruin_ashenzari
Depths:2: radiant_caverns_a_rkd, abyss_entry, hell_entry
Depths:3: lemuel_castle_with_subvaults, hangedman_geh_valley,
          nrook_mini_backslash, rand_demon_pan_entry_9,
          kennysheep_generic_room_11, minmay_staircase_statues_hall_small
Depths:4: grunt_forest_end_chambers, enter_ziggurat_d, hell_entry,
          corexii_leaking_fountain, abyss_entry, rand_demon_pan_entry_5
Depths:5: evilmike_zot_entry_diamond, grunt_decor_resistance, hellmouth_1,
          abyss_entry, minmay_misc_feat_square, minmay_misc_feat_more_columns,
          spider_trap
Zot:1:    hangedman_snap_crack_crunch
Zot:3:    st_stairs_11
Zot:4:    hangedman_player_shredder
Abyss:1:  due_exit_kobolds
Abyss:3:  evilmike_abyss_exit_mutagenic, grunt_abyss_rune_sword_and_sorcery
Pan:      rand_demon_5, pan_blood_fountain_small, evilmike_mini_pan_diamond,
          pan_blood_fountain, pan_blood_fountain_small,
          evilmike_mini_pan_layers, nicolae_pan_mnolegish_4,
          evilmike_mini_pan_3x3, rand_demon_9, evilmike_holy_pan,
          lemuel_draining_boxes, evilmike_mini_pan_3x3, rand_demon_8,
          pan_blood_fountain_small, rand_demon_1, lemuel_hall_of_pain,
          enter_ziggurat_pan_c, evilmike_mini_pan_branches,
          evilmike_mini_pan_pillars_b, pan_blood_fountain_small,
          evilmike_mini_pan_3x3, lom_lobon, pan_blood_fountain_small,
          nicolae_pan_gloorx_vloqian_1, grunt_pan_in_and_out,
          pan_blood_fountain_small, grunt_pan_frozen_over, rand_demon_3,
          pan_blood_fountain, evilmike_mini_pan_other_thingy,
          nicolae_pan_cerebovesque_2, rand_demon_3, grunt_pan_in_and_out,
          pan_blood_fountain_small, grunt_pan_in_and_out, pan_blood_fountain,
          nicolae_pan_sick_transit, evilmike_mini_pan_V,
          nicolae_pan_mnolegish_4, rand_demon_5, evilmike_mini_pan_layers,
          evilmike_gloorx_vloq_box, pan_surprise, evilmike_mini_pan_doors,
          uniq_ignacio, pan_blood_fountain_small, evilmike_mnoleg_eyes,
          uniq_ignacio, cerebov, pan_blood_fountain_small,
          nicolae_pan_door_chamber
Zig:8:    ziggurat_pillar_centre_c
Zig:11:   ziggurat_pillar_centre_dead_trees
Zig:18:   ziggurat_pillar_centre_oklobs
Lab:      lab_block
IceCv:    ice_cave_statue_garden_01

Action                   |  1- 3 |  4- 6 |  7- 9 | 10-12 | 13-15 | 16-18 | 19-21 | 22-24 | 25-27 || total
-------------------------+-------+-------+-------+-------+-------+-------+-------+-------+-------++-------
Melee: Hand axe          |   155 |       |    90 |   393 |  1738 |  3325 |  3384 |  3085 |  2143 || 14313
       War axe           |    37 |   126 |   243 |       |   211 |       |       |       |  4495 ||  5112
       Broad axe         |       |       |       |   511 |   459 |       |     7 |   477 |  5739 ||  7193
       Battleaxe         |       |       |       |       |       |       |       |   134 |       ||   134
Throw: Tomahawk          |       |       |       |       |       |     1 |       |       |       ||     1
Invok: Berserk           |     3 |     6 |     7 |    21 |    19 |     5 |    10 |     8 |    58 ||   137
       Trog's Hand       |       |     1 |     3 |    13 |     9 |       |     1 |    20 |   188 ||   235
       Burn Spellbooks   |       |       |     2 |     2 |     8 |     8 |     2 |       |    36 ||    58
       Brothers in Arms  |       |       |       |     1 |       |       |       |       |     2 ||     3
 Abil: Device Recharging |       |       |     3 |     3 |       |       |       |     3 |    22 ||    31
       Evoke Invisibilit |       |       |       |       |       |       |     6 |       |     1 ||     7
Evoke: Wand              |       |     1 |    11 |    19 |    24 |    12 |    25 |    27 |   125 ||   244
       Deck              |       |       |       |    12 |       |       |    15 |    13 |    27 ||    67
       Rod               |       |       |       |     2 |       |       |       |       |       ||     2
       Stone of tremors  |       |       |       |       |     2 |       |     2 |     2 |     7 ||    13
       Lamp of fire      |       |       |       |       |     2 |     1 |     4 |     7 |    10 ||    24
       Disc of storms    |       |       |       |       |       |     1 |     3 |     3 |       ||     7
       Phial of floods   |       |       |       |       |       |       |     4 |     4 |     4 ||    12
       Box of beasts     |       |       |       |       |       |       |     2 |       |    16 ||    18
       Phantom mirror    |       |       |       |       |       |       |     1 |     1 |     4 ||     6
       Sack of spiders   |       |       |       |       |       |       |       |     2 |       ||     2
       Fan of gales      |       |       |       |       |       |       |       |       |     1 ||     1
  Use: Scroll            |       |     1 |     7 |    11 |    22 |    16 |    19 |    29 |    82 ||   187
       Potion            |       |       |       |    13 |    10 |     7 |     7 |     9 |    60 ||   106
 Stab: Paralysed         |       |       |     7 |     4 |       |       |       |       |       ||    11
       Invisible         |       |       |       |     1 |       |    14 |   128 |       |     9 ||   152
       Fleeing           |       |       |       |       |     2 |     2 |       |       |       ||     4
       Distracted        |       |       |       |       |     1 |       |     4 |    14 |    29 ||    48
       Held in net/web   |       |       |       |       |       |     2 |       |       |       ||     2
       Petrifying        |       |       |       |       |       |       |       |     4 |     5 ||     9
       Petrified         |       |       |       |       |       |       |       |       |     7 ||     7
       Confused          |       |       |       |       |       |       |       |       |     3 ||     3
  Eat: Chunk             |     5 |    11 |    18 |    41 |    49 |    33 |    40 |     5 |    63 ||   265
       Royal jelly       |       |       |     1 |     1 |     5 |     1 |       |       |     6 ||    14
       Fruit             |       |       |       |     1 |     2 |    11 |    13 |     6 |    39 ||    72
       Pizza             |       |       |       |       |     4 |     1 |       |       |     6 ||    11
       Beef jerky        |       |       |       |       |     7 |     1 |       |     2 |    10 ||    20
       Meat ration       |       |       |       |       |     3 |     5 |     3 |     9 |    36 ||    56
       Bread ration      |       |       |       |       |       |       |       |     6 |    21 ||    27
